 Dungeon Crawl Stone Soup version 0.30-a0-223-gcb0039aa0c (webtiles) character file.

Game seed: 5714366145674812910

602671 qw the Slayer (level 27, -7/195 HPs)
             Began as a Gargoyle Fighter on Oct 9, 2022.
             Was the Champion of the Shining One.
             Killed by divine providence
             ... invoked by a mummy priest
              (10 damage)
             ... on level 3 of the Tomb of the Ancients.
             The game lasted 00:37:46 (60897 turns).

qw the Slayer (Gargoyle Fighter)                   Turns: 60897, Time: 00:37:47

Health: -7/195     AC: 65    Str: 43    XL:     27
Magic:  5/38       EV: 15    Int: 13    God:    the Shining One [******]
Gold:   2252       SH: 23    Dex: 11    Spells: 26/26 levels left

rFire   . . .      SeeInvis +    k - +4 broad axe (holy)
rCold   + . .      Faith    .    r - +2 tower shield
rNeg    + + +      Spirit   .    m - +8 orange crystal plate armour {Archmagi, Int+3 Clar}
rPois   inf        Reflect  .    K - +2 helmet {Int+3}
rElec   +          Harm     .    F - -2 cloak "Ebokhiar" {rElec Regen+ Str+6 Int-5}
rCorr   .          Rampage  .    M - +0 pair of gloves "Liep" {Str+3 Dex+2 SInv}
Will    +++++      Archmagi +    J - +1 pair of boots "Xikk" {rElec Str+3}
Stlth   .......... Clarity  +    B - amulet of the Four Winds {rN+ Will+++ Clar}
HPRegen 1.32/turn                c - +4 ring of evasion
MPRegen 0.26/turn                t - +4 ring of slaying {mikee}

@: about to teleport, marked, flying, glowing
A: sickness immunity, AC +20, big wings, negative energy resistance 1,
electricity resistance, torment resistance 1, petrification resistance,
camouflage 1, cold resistance 1, wild magic 1, MP-powered wands
}: 3/15 runes: serpentine, barnacled, silver
a: Renounce Religion, Divine Shield, Cleansing Flame, Summon Divine Warrior


You were on level 3 of the Tomb of the Ancients.
You worshipped the Shining One.
The Shining One was exalted by your worship.
You visited 11 branches of the dungeon, and saw 50 of its levels.
You also visited: Ossuary.

You collected 7065 gold pieces.
You spent 4813 gold pieces at shops.


Innate Abilities, Weirdness & Mutations

You are immune to sickness and miasma.
Your stone body is resilient. (AC +20)
You are immune to poison.
Your large and strong wings let you fly.
You resist negative energy. (rN+)
You are resistant to electric shocks. (rElec)
You are resistant to unholy torment.
You are immune to petrification.
Your skin changes colour to match your surroundings (Stealth+).
Your flesh is cold resistant. (rC+)
Your spells are a little harder to cast, but a little more powerful.
You expend magic power (3 MP) to strengthen your wands.


   Skills:
 - Level 25.8 Fighting
 - Level 18.0 Axes
 - Level 15.0 Throwing
 - Level 22.0 Armour
 - Level 9.0 Dodging
 - Level 22.0 Shields
 + Level 22.5 Invocations


You had 26 spell levels left.
You didn't know any spells.
Your spell library was empty.

Inventory:

Hand Weapons
 k - a +4 broad axe of holy wrath (weapon)
Missiles
 y - 24 javelins (quivered)
Armour
 h - the +0 helmet of a sewer {rC- Str+5}
   (Okawaru gifted it to you on level 1 of the Shoals)

   Str:       It affects your strength (+5).
   rC:        It makes you vulnerable to cold.
 m - the +8 orange crystal plate armour (worn) {Archmagi, Int+3 Clar}
   (You acquired it on level 5 of the Dungeon)

   Int:       It affects your intelligence (+3).
   Clar:      It protects you against confusion.
 r - a +2 tower shield (worn)
 u - the +9 storm dragon scales of Calculation {rElec rF+ MP+9}
   (You found it on level 3 of the Crypt)

   rF:        It protects you from fire.
   rElec:     It insulates you from electricity.
   MP:        It affects your magic capacity (+9).
 x - the +4 kite shield "Dum Udghi" {rC- Will+++ MP-9 Str+4}
   (Okawaru gifted it to you on level 10 of the Dungeon)

   Str:       It affects your strength (+4).
   rC:        It makes you vulnerable to cold.
   MP:        It affects your magic capacity (-9).
   Will:      It greatly increases your willpower.
 F - the -2 cloak "Ebokhiar" (worn) {rElec Regen+ Str+6 Int-5}
   (You found it on level 3 of the Realm of Zot)

   Str:       It affects your strength (+6).
   Int:       It affects your intelligence (-5).
   rElec:     It insulates you from electricity.
   Regen:     It increases your rate of health regeneration.
 I - the +1 scale mail "Weokoheam" {Rampage rCorr}
   (You found it on level 2 of the Depths)

   rCorr:     It protects you from acid and corrosion.
   Rampage:   It bestows one free step when moving towards enemies.
 J - the +1 pair of boots "Xikk" (worn) {rElec Str+3}
   (You acquired it on level 2 of the Depths)

   Str:       It affects your strength (+3).
   rElec:     It insulates you from electricity.
 K - a +2 helmet of intelligence (worn)
 M - the +0 pair of gloves "Liep" (worn) {Str+3 Dex+2 SInv}
   (Okawaru gifted it to you on level 3 of the Depths)

   Str:       It affects your strength (+3).
   Dex:       It affects your dexterity (+2).
   SInv:      It lets you see invisible.
Jewellery
 a - a ring of resist corrosion
 b - the ring of Pytene {Wiz rC+ Will+ Str+4 Dex-2}
   (You bought it in a shop on level 3 of the Depths)

   [ring of wizardry]

   It improves your spell success rate.
   Str:       It affects your strength (+4).
   Dex:       It affects your dexterity (-2).
   rC:        It protects you from cold.
   Will:      It increases your willpower.
 c - a +4 ring of evasion (left hand)
 n - a ring of resist corrosion
 t - a +4 ring of slaying (right hand) {mikee}
 B - the amulet of the Four Winds (around neck) {rN+ Will+++ Clar}
   (You found it on level 5 of the Vaults)

   [amulet of nothing]

   rN:        It protects you from negative energy.
   Clar:      It protects you against confusion.
   Will:      It greatly increases your willpower.
 G - a ring of protection from cold
 L - an amulet of reflection
 N - a ring of protection from fire
 Y - a ring of protection from fire
Wands
 f - a wand of digging (17)
Scrolls
 e - 2 scrolls of enchant armour
 p - 11 scrolls of identify
 q - 20 scrolls of teleportation
Potions
 d - 7 potions of might
 g - 31 potions of curing
 i - 7 potions of mutation
 j - 12 potions of lignification
 l - 8 potions of heal wounds
 o - 11 potions of attraction
 s - 5 potions of cancellation
 w - 13 potions of haste

Dungeon Overview and Level Annotations

Branches:
Dungeon (15/15)            Temple (1/1) D:5            Lair (5/5) D:10
 Shoals (4/4) Lair:2        Snake (4/4) Lair:2        Slime (0/5) Lair:4
    Orc (2/2) D:11            Elf (0/3) Orc:2        Vaults (5/5) D:14
  Crypt (3/3) Vaults:3       Tomb (3/3) Crypt:3      Depths (4/4) D:15
    Zot (4/5) Depths:4    Ossuary (visited)

Altars:
Ashenzari
Cheibriados
Dithmenos
Elyvilon
Fedhas
Gozag
Hepliaklqana
Kikubaaqudgha
Makhleb
Nemelex Xobeh
Okawaru
Qazlal
Ru
Sif Muna
Trog
Uskayaw
Vehumet
Wu Jian
Xom
Yredelemnul
Zin
The Shining One
Jiyva

Shops:
D:1 :=[:   D:11 :=   Orc:2 *?(?(   Shoals:3 [(**   Shoals:4 :*   Snake:2 ((?
Snake:4 (   Depths:2 !   Depths:3 :==

Portals:
Hell: Depths:1 Depths:2 Depths:3 Depths:4
Abyss: Depths:2 Depths:3
Pandemonium: Depths:2 Depths:4
Ziggurat: Depths:4
Trove: Depths:1 (give +2 ice dragon scales)

Annotations:
D:2 1 runed translucent door, Crazy Yiuf
Lair:3 3 runed translucent doors, Yjeari's ghost, journeyman GrMo; qw's ghost, journeyman GrFi
Lair:4 1 runed translucent door
Lair:5 3 runed translucent doors, qw's ghost, journeyman GrFi
Vaults:2 1 runed translucent door, theMacoje's ghost, adept OgHs


Message History

The death scarab bites you but does no damage. x5
The ushabti hits you but does no damage.
The mummy priest mumbles some strange prayers to its god.
An ushabti comes into view.
The royal mummy casts a spell at you. Something smites you!
The mummy priest prays to its god.
The mummy priest utters an invocation to its god. x2
The ushabti hits you but does no damage.
The death scarab bites you but does no damage. x3
The death scarab bites you.
The mummy priest calls down the wrath of its god upon you.
Something smites you!
The death scarab bites you but does no damage.
The death scarab bites you!
A guardian mummy comes into view.
The mummy priest prays to its god.
The royal mummy hits you but does no damage.
The royal mummy calls on the powers of darkness!
Your body is wracked with pain!
The royal mummy gestures at you while chanting.
Something smites you!
The ushabti hits you but does no damage.
The mummy priest hits you but does no damage.
You can move again.
60897 ||| READING 21 scrolls of teleportation.
As you read the scroll of teleportation, it crumbles to dust.
You feel strangely unstable.
The flying skull disappears in a puff of smoke!
You block the death scarab's attack. x2
The mummy priest calls on the powers of darkness!
You feel a surge of unholy energy. You block the ushabti's attack.
The ushabti shakes and rattles deafeningly!
The guardian mummy misses you.
The ushabti shakes and rattles deafeningly!
You block the death scarab's attack.
The death scarab bites you but does no damage.
The mummy priest calls down the wrath of its god upon you.
Something smites you!
You die...

#################
.9.......[M......
.....MB.....M.M..
..nM.99BB9...M...
W.M.ZW9@MB..3.#
..Z.93MWM..^..#
....ZZWB4....##
....MZWM.4..##
#^..Z..Z...##
##...WM4V.##
##...M..##
#M.M..M# ..
#.¤¤¤.^#...


You could see 4 royal mummies, 7 mummy priests, a jiangshi (summoned), 4
guardian mummies, 6 ushabtiu, 3 freezing wraiths, a spectral titan (summoned), 2
smoke demons, a chaos spawn (summoned), 2 wraiths, 5 death scarabs, 2 red
devils, a necrophage (summoned), a shadow (summoned), 2 mummies, a spriggan
defender simulacrum, an ettin simulacrum (summoned), a nagaraja zombie
(summoned), 2 centaur warrior zombies and a bunyip skeleton (summoned).

Vanquished Creatures
  3 dread liches
  Mara (Snake:4)
  Khufu (Tomb:1)
  2 ancient liches
  25 royal mummies
  Vv (Zot:2)
  Frederick (Depths:4)
  Saint Roka (Snake:3)
  Xtahua (Vaults:2)
  Margery (Crypt:2)
  Vashnia (Snake:4)
  Nikola (Snake:1)
  A curse toe (Zot:2)
  3 golden dragons
  2 bone dragons
  An iron giant (Zot:2)
  A Tzitzimitl (Tomb:2)
  18 tentacled monstrosities
  An electric golem (Zot:1)
  A Hell Sentinel (Zot:2)
  3 deep elf blademasters
  Rupert (D:12)
  6 liches
  12 titans
  8 quicksilver dragons
  3 deep elf master archers
  Asterion (Snake:4)
  14 sphinxes
  2 krakens (Shoals:2)
  8 death cobs
  6 ancient champions
  Kirke (Lair:4)
  10 tengu reavers
  9 draconian monks
  13 storm dragons
  8 draconian knights
  4 nagarajas
  8 shadow dragons
  17 fire giants
  A revenant (Crypt:2)
  2 iron dragons (Vaults:5)
  Aizul (Snake:2)
  13 frost giants
  16 vault wardens
  2 deep elf sorcerers
  A ghost moth (Zot:3)
  3 draconian stormcallers
  2 curse skulls
  5 ghouls
  A draconian shifter (Zot:2)
  20 ironbound preservers
  6 draconian scorchers
  3 orc warlords
  A juggernaut skeleton (Tomb:3)
  2 spriggan defenders (Depths:4)
  3 spectral caustic shrikes (Depths:3)
  30 stone giants
  19 very ugly things
  6 draconian annihilators
  5 war gargoyles
  3 deep elf annihilators
  10 black draconians
  11 ironbound thunderhulks
  8 vampire knights
  10 green draconians
  14 bennus
  16 white draconians
  17 purple draconians
  14 red draconians
  8 spark wasps
  16 yellow draconians
  5 eidola
  11 dire elephants
  13 merfolk impalers
  16 mummy priests
  5 crystal guardians
  A jiangshi (Crypt:1)
  6 ettins
  5 deep elf death magi
  4 entropy weavers
  3 spriggan zombies (Crypt:3)
  6 merfolk javelineers
  A quicksilver dragon zombie (Tomb:3)
  4 great orbs of eyes
  12 ice dragons
  2 deep elf high priests
  9 anacondas
  10 fire dragons
  13 yaktaur captains
  3 hydras
  2 peacekeepers
  32 vault guards
  5 spriggan air magi
  32 centaur warriors
  2 rakshasas (Depths:3)
  An ogre mage (Vaults:5)
  3 salamander tyrants (Snake:4)
  5 merfolk avatars
  A hell beast (Depths:1)
  2 spriggan skeletons
  7 boulder beetles
  3 catoblepae
  An anaconda (shapeshifter) (Vaults:5)
  A two-headed ogre (shapeshifter) (Vaults:5)
  11 two-headed ogres
  2 satyrs
  6 dancing weapons
  An alligator snapping turtle (Shoals:4)
  8 ironbound frosthearts
  63 death scarabs
  6 deep troll shamans
  A merfolk aquamancer (Shoals:4)
  4 vampire magi
  8 death yaks (D:10)
  5 deep troll earth magi
  A spriggan berserker (Depths:3)
  A hell hog (Depths:1)
  9 naga warriors
  2 titan zombies (Crypt:3)
  19 tengu warriors
  5 shock serpents
  4 soul eaters
  16 naga sharpshooters
  17 hell knights
  A shadow wraith (Vaults:3)
  5 salamander mystics
  4 deep elf knights (Crypt:2)
  A sun demon (Depths:1)
  7 iron trolls (Depths:4)
  14 skeletal warriors
  5 naga ritualists
  8 large abominations (Depths:3)
  2 flayed ghosts
  2 glowing orange brains
  2 tengu zombies
  An iron giant zombie (Tomb:2)
  11 sea snakes
  7 deep elf archers
  2 bog bodies
  10 lindwurms
  Pikel (D:5)
  58 deep trolls
  2 orc knights
  An anaconda skeleton (Crypt:1)
  17 necromancers
  11 wizards
  33 harpies
  7 phantasmal warriors
  10 ironbound convokers
  A shadow dragon zombie (Tomb:2)
  2 deep elf zephyrmancers (Crypt:2)
  4 mana vipers
  12 deep elf pyromancers
  13 orc sorcerers
  A cyclops (shapeshifter) (Vaults:3)
  5 fauns
  20 moths of wrath
  A stone giant zombie (Vaults:3)
  20 manticores
  A frost giant zombie (Crypt:2)
  32 ugly things
  7 cyclopes
  A faun (shapeshifter) (Depths:3)
  22 salamanders
  35 black mambas
  2 frost giant skeletons
  9 merfolk sirens
  8 elephants (Lair:5)
  A stone giant skeleton (Vaults:3)
  6 water nymphs
  14 naga magi
  3 centaur zombies
  20 vault sentinels
  11 cane toads
  An elephant slug zombie (Crypt:2)
  2 gargoyles
  4 guardian serpents
  An emperor scorpion simulacrum (Crypt:1)
  2 unseen horrors
  A kobold demonologist (D:11)
  22 yaktaurs
  A centaur skeleton (Crypt:1)
  2 rime drakes (Lair:5)
  7 freezing wraiths
  6 komodo dragons
  2 efreet
  An unseen horror (shapeshifter) (D:15)
  3 tengu conjurers
  27 guardian mummies
  2 harpy zombies
  A purple draconian skeleton (Crypt:1)
  27 merfolk
  9 trolls
  3 polar bears
  A hydra zombie (Crypt:3)
  A troll (shapeshifter) (Depths:3)
  17 wind drakes
  4 hornets
  22 slime creatures
  A stone giant simulacrum (Vaults:4)
  11 dream sheep
  A slime creature (shapeshifter) (Depths:2)
  A snapping turtle (shapeshifter) (Vaults:5)
  A harpy skeleton (D:15)
  2 human simulacra
  12 blink frogs
  A centaur simulacrum (D:15)
  A dream sheep (shapeshifter) (Depths:1)
  An ettin zombie (Vaults:3)
  A merfolk zombie (Tomb:2)
  A jumping spider (Vaults:1)
  11 snapping turtles
  72 flying skulls
  2 shadows (D:10)
  A spriggan (Depths:4)
  An ettin skeleton (Crypt:2)
  23 water elementals
  5 hogs (Lair:4)
  49 yaks
  6 wraiths
  2 humans (Lair:4)
  4 ushabtiu
  2 chaos spawn (Depths:3)
  3 basilisks
  8 redbacks
  5 vampire mosquitoes
  3 steam dragons
  A glowing shapeshifter zombie (Crypt:1)
  38 nagas
  11 wargs
  2 ogre zombies
  4 acid dragons
  A faun skeleton (Crypt:1)
  A faun zombie (Crypt:2)
  11 water moccasins
  A glowing shapeshifter skeleton (Vaults:4)
  3 ice beasts
  3 black bears
  30 orc warriors
  A sky beast (shapeshifter) (D:13)
  A swamp dragon zombie (Crypt:1)
  10 ogres
  22 wolves
  A blink frog skeleton (Crypt:1)
  22 centaurs
  4 boggarts
  A human skeleton (Vaults:4)
  2 lemures (D:5)
  A phantom (D:6)
  A komodo dragon zombie (Crypt:2)
  2 kobold brigands
  12 bullfrogs
  A yaktaur zombie (Crypt:1)
  11 necrophages
  5 scorpions (Ossuary)
  A draconian skeleton (Crypt:1)
  4 gnoll sergeants
  23 wights
  4 small abominations (Depths:3)
  A polar bear zombie (Crypt:1)
  4 killer bees (D:10)
  A raiju skeleton (Crypt:2)
  A troll skeleton (Crypt:1)
  8 electric eels
  13 howler monkeys
  A black bear zombie (Crypt:2)
  A human zombie (Ossuary)
  25 orc priests
  3 jellies
  3 gnoll boudas
  8 hounds
  43 orc wizards
  Jessica (D:15)
  9 scorpion zombies (Ossuary)
  2 iguanas
  A boggart skeleton (Crypt:1)
  A killer bee zombie (Crypt:2)
  36 mummies
  7 adders
  13 gnolls
  A white imp (D:7)
  3 ufetubi
  A worm zombie (D:8)
  A worm (D:4)
  3 dart slugs
  101 orcs
  4 bats
  A bat skeleton (Crypt:2)
  4 bat zombies (D:3)
  11 endoplasms
  11 giant cockroaches
  6 goblins
  8 hobgoblins
  8 kobolds
  7 quokkas
  3 training dummies (Orc:2)
  6 ball pythons
  4 frilled lizards
  A gnoll zombie (Ossuary)
  2 hobgoblin zombies (Ossuary)
  5 kobold zombies (Ossuary)
  4 orc zombies
  5 rats
  A rat zombie (D:3)
  3 tentacles (Shoals:2)
2379 creatures vanquished.

Vanquished Creatures (collateral kills)
  7 royal mummies (Tomb:1)
  A deep elf master archer (Crypt:3)
  A deep elf blademaster (Crypt:3)
  2 titans (Crypt:3)
  A revenant (Tomb:1)
  A black draconian (Crypt:3)
  A yellow draconian (Tomb:1)
  A purple draconian (Crypt:3)
  5 mummy priests
  2 dancing weapons (Crypt:3)
  10 death scarabs
  A deep elf knight (Crypt:3)
  4 skeletal warriors
  2 deep elf archers
  2 deep elf pyromancers
  12 guardian mummies
  A hydra skeleton (Crypt:3)
  3 flying skulls (Tomb:2)
  2 wraiths (Crypt:2)
  4 ushabtiu (Tomb:3)
  10 mummies
73 creatures vanquished.

Vanquished Creatures (others)
  A caustic shrike (shapeshifter) (Depths:2)
  A black draconian (Zot:2)
  A boggart (D:15)
  2 orc wizards (Orc:2)
  An orc (Vaults:1)
  A bush (D:12)
  16 fungi
  122 plants
  5 tentacles (Shoals:2)
150 creatures vanquished.

Grand Total: 2602 creatures vanquished

Notes
Turn   | Place    | Note
-------+----------+-------------------------------------------
     0 | D:1      | qw the Gargoyle Fighter began the quest for the Orb.
     0 | D:1      | Reached XP level 1. HP: 14/14 MP: 1/1
     0 | D:1      | 0 ||| qw: Version: 0.2-a-17-g06abaee
     0 | D:1      | 0 ||| qw: Game counter: 2108
     0 | D:1      | 0 ||| qw: Always use a shield: true
     0 | D:1      | 0 ||| qw: God list: Okawaru
     0 | D:1      | 0 ||| qw: Allow faded altars: false
     0 | D:1      | 0 ||| qw: Do Orc after D:15 true
     0 | D:1      | 0 ||| qw: Do second Lair branch before Depths: true
     0 | D:1      | 0 ||| qw: Lair rune preference: random
     0 | D:1      | 0 ||| qw: Plans: Normal, Zot:1-4, God:TSO, Crypt, Tomb,
                  | Pan, Slime:5, Hells, Abyss, Orb
     0 | D:1      | 0 ||| PLANNING D:1-11
    16 | D:1      | Found Qyzamaigh's Book Shoppe.
    56 | D:1      | Found Oxeshrak's Jewellery Shoppe.
    71 | D:1      | 71 ||| SHOPLISTING +4 ring of evasion (504 gold, have 0).
    71 | D:1      | 71 ||| SHOPLISTING +4 ring of protection (504 gold, have
                  | 0).
    71 | D:1      | 71 ||| SHOPLISTING +6 ring of strength (504 gold, have 0).
    71 | D:1      | 71 ||| SHOPLISTING amulet of reflection (420 gold, have 0).
    71 | D:1      | 71 ||| SHOPLISTING amulet of the acrobat (420 gold, have
                  | 0).
    96 | D:1      | 96 ||| Stepping ~*~*~tactically~*~*~ (stealth).
    99 | D:1      | 99 ||| Stepping ~*~*~tactically~*~*~ (stealth).
   107 | D:1      | 107 ||| Stepping ~*~*~tactically~*~*~ (stealth).
   109 | D:1      | 109 ||| Stepping ~*~*~tactically~*~*~ (stealth).
   110 | D:1      | 110 ||| Stepping ~*~*~tactically~*~*~ (stealth).
   113 | D:1      | 113 ||| Stepping ~*~*~tactically~*~*~ (stealth).
   119 | D:1      | 119 ||| Stepping ~*~*~tactically~*~*~ (stealth).
   120 | D:1      | 120 ||| Stepping ~*~*~tactically~*~*~ (stealth).
   140 | D:1      | 140 ||| Stepping ~*~*~tactically~*~*~ (stealth).
   142 | D:1      | 142 ||| Stepping ~*~*~tactically~*~*~ (stealth).
   148 | D:1      | Reached XP level 2. HP: 16/19 MP: 2/2
   302 | D:1      | 302 ||| Stepping ~*~*~tactically~*~*~ (stealth).
   303 | D:1      | Found Jilyst's Book Boutique.
   304 | D:1      | 304 ||| Stepping ~*~*~tactically~*~*~ (stealth).
   305 | D:1      | 305 ||| Stepping ~*~*~tactically~*~*~ (stealth).
   333 | D:1      | 333 ||| Stepping ~*~*~tactically~*~*~ (stealth).
   334 | D:1      | 334 ||| Stepping ~*~*~tactically~*~*~ (stealth).
   400 | D:1      | Found Zynuc's Armour Shoppe.
   410 | D:1      | 410 ||| SHOPLISTING +0 chain mail (54 gold, have 48).
   410 | D:1      | 410 ||| SHOPLISTING +0 cloak (54 gold, have 48).
   410 | D:1      | 410 ||| SHOPLISTING +0 pair of boots (54 gold, have 48).
   410 | D:1      | 410 ||| SHOPLISTING +14 plate armour "Awnionn" {rElec SInv}
                  | (1293 gold, have 48).
   460 | D:1      | Reached skill level 3 in Axes
   579 | D:1      | 579 ||| READING scroll labelled NITAAR TITE.
   580 | D:1      | 580 ||| READING scroll labelled URYONO JAKHLAY.
   581 | D:1      | 581 ||| READING scroll labelled FUPIUCV NEDU.
   585 | D:1      | 585 ||| DRINKING 2 white potions.
   586 | D:1      | 586 ||| DROPPING potion of flight.
   601 | D:2      | Reached XP level 3. HP: 23/23 MP: 3/3
   664 | D:2      | 664 ||| Stepping ~*~*~tactically~*~*~ (stealth).
   692 | D:2      | You fall into a shaft and drop 1 floor!
   731 | D:3      | 731 ||| DROPPING +6 ring of intelligence.
   788 | D:2      | 788 ||| Stepping ~*~*~tactically~*~*~ (stealth).
   802 | D:2      | Reached XP level 4. HP: 28/28 MP: 4/4
   865 | D:2      | 865 ||| Stepping ~*~*~tactically~*~*~ (stealth).
   866 | D:2      | 866 ||| Stepping ~*~*~tactically~*~*~ (stealth).
   871 | D:2      | 871 ||| Stepping ~*~*~tactically~*~*~ (stealth).
   930 | D:2      | Found a runed translucent door.
   931 | D:2      | Noticed Crazy Yiuf
  1162 | D:2      | 1162 ||| DROPPING +0 club.
  1217 | D:2      | 1217 ||| UPGRADING to amulet of the acrobat.
  1222 | D:2      | 1222 ||| READING scroll labelled UDEPERRU SIEL.
  1223 | D:2      | 1223 ||| READING scroll labelled VUIZUS NEM.
  1224 | D:2      | 1224 ||| DRINKING 2 dark potions.
  1470 | D:3      | Identified the +7 sling of the Hurling Gods {speed, rF- rN+
                  | rCorr Int+2}
  1576 | D:3      | Found an ancient bone altar of Kikubaaqudgha.
  1728 | D:3      | 1728 ||| UPGRADING to +0 helmet.
  1733 | D:3      | 1733 ||| READING 2 scrolls labelled RUIJAAPNUU.
  1734 | D:3      | 1734 ||| READING scroll labelled UHAWAIPNYU.
  1735 | D:3      | 1735 ||| DROPPING scroll of noise.
  1802 | D:4      | Reached XP level 5. HP: 32/32 MP: 5/5
  1883 | D:4      | Found a white marble altar of Elyvilon.
  1912 | D:4      | 1912 ||| Stepping ~*~*~tactically~*~*~ (hiding).
  1913 | D:4      | 1913 ||| Stepping ~*~*~tactically~*~*~ (hiding).
  1914 | D:4      | 1914 ||| Stepping ~*~*~tactically~*~*~ (hiding).
  2039 | D:4      | Identified the +8 arbalest of Amortisation {speed, Dex+2}
  2165 | D:4      | 2165 ||| Stepping ~*~*~tactically~*~*~ (stealth).
  2168 | D:4      | 2168 ||| Stepping ~*~*~tactically~*~*~ (stealth).
  2335 | D:4      | Noticed a black bear
  2338 | D:4      | Killed a black bear
  2339 | D:4      | Reached skill level 4 in Fighting
  2339 | D:4      | Reached XP level 6. HP: 32/39 MP: 6/6
  2339 | D:4      | 2339 ||| FLEEEEING.
  2340 | D:4      | 2340 ||| FLEEEEING.
  2341 | D:4      | 2341 ||| FLEEEEING.
  2342 | D:4      | 2342 ||| FLEEEEING.
  2343 | D:4      | 2343 ||| FLEEEEING.
  2344 | D:4      | 2344 ||| FLEEEEING.
  2345 | D:4      | 2345 ||| STAIRDANCE
  2366 | D:3      | 2366 ||| READING scroll labelled ZAONEA LA DAKE.
  2551 | D:4      | 2551 ||| Stepping ~*~*~tactically~*~*~ (hiding).
  2672 | D:4      | 2672 ||| UPGRADING to +0 chain mail.
  2682 | D:4      | 2682 ||| DROPPING +0 scale mail.
  2706 | D:5      | Entered Level 5 of the Dungeon
  2707 | D:5      | 2707 ||| PLANNING SEWER
  2741 | D:5      | Noticed a water moccasin
  2758 | D:5      | Killed a water moccasin
  2778 | D:5      | Found a staircase to the Ecumenical Temple.
  2794 | D:5      | Reached skill level 6 in Axes
  2794 | D:5      | Reached XP level 7. HP: 42/44 MP: 7/7
  2844 | D:5      | Reached skill level 1 in Dodging
  2873 | D:5      | 2873 ||| Stepping ~*~*~tactically~*~*~ (stealth).
  2875 | D:5      | 2875 ||| Stepping ~*~*~tactically~*~*~ (stealth).
  2941 | D:5      | Noticed Pikel
  2942 | D:5      | 2942 ||| FLEEEEING.
  2952 | D:5      | 2952 ||| STAIRDANCE
  2968 | D:4      | 2968 ||| UPGRADING to +6 ring of strength.
  3014 | D:5      | Killed Pikel
  3015 | D:5      | Reached XP level 8. HP: 41/48 MP: 8/8
  3040 | D:5      | 3040 ||| DROPPING +4 whip.
  3079 | D:5      | 3079 ||| Stepping ~*~*~tactically~*~*~ (stealth).
  3100 | D:5      | Reached skill level 5 in Fighting
  3328 | D:5      | 3328 ||| RIP SEWER
  3354 | D:5      | 3354 ||| PLANNING TEMPLE
  3366 | D:5      | 3366 ||| UPGRADING to +0 cloak.
  3371 | D:5      | 3371 ||| READING scroll labelled PISUIMYKINN.
  3372 | D:5      | 3372 ||| READING scroll labelled USOUZO ELUID.
  3372 | D:5      | Identified a scroll of acquirement
  3372 | D:5      | 3372 ||| ACQUIRING +8 orange crystal plate armour
                  | {Archmagi, Int+3 Clar}
  3372 | D:5      | Acquired the +8 orange crystal plate armour {Archmagi,
                  | Int+3 Clar}
  3372 | D:5      | Found the +8 orange crystal plate armour {Archmagi, Int+3
                  | Clar}
  3374 | D:5      | 3374 ||| UPGRADING to +8 orange crystal plate armour
                  | {Archmagi, Int+3 Clar}.
  3384 | D:5      | 3384 ||| DROPPING +0 chain mail.
  3385 | D:5      | 3385 ||| DRINKING 3 bubbling blue potions.
  3386 | D:5      | 3386 ||| DRINKING 2 clear potions.
  3442 | Temple   | Entered the Ecumenical Temple
  3553 | Temple   | 3553 ||| PLANNING OKAWARU WORSHIP
  3755 | Temple   | Became a worshipper of Warmaster Okawaru
  3756 | Temple   | 3756 ||| PLANNING D:1-11
  3960 | D:6      | Reached XP level 9. HP: 27/55 MP: 9/9
  3965 | D:6      | Reached skill level 6 in Armour
  3968 | D:6      | Reached skill level 6 in Fighting
  3981 | D:6      | 3981 ||| FLEEEEING.
  3982 | D:6      | 3982 ||| STAIRDANCE
  4080 | D:6      | 4080 ||| DROPPING +2 whip of freezing.
  4086 | D:6      | 4086 ||| DROPPING +2 vorpal flail.
  4286 | D:6      | 4286 ||| Stepping ~*~*~tactically~*~*~ (hiding).
  4289 | D:6      | Reached * piety under Okawaru
  4298 | D:6      | Reached skill level 1 in Invocations
  4587 | D:6      | 4587 ||| Stepping ~*~*~tactically~*~*~ (stealth).
  4604 | D:6      | 4604 ||| INVOKING Heroism.
  4659 | D:6      | 4659 ||| Stepping ~*~*~tactically~*~*~ (stealth).
  4666 | D:6      | 4666 ||| Stepping ~*~*~tactically~*~*~ (stealth).
  4679 | D:6      | 4679 ||| INVOKING Heroism.
  4746 | D:6      | 4746 ||| FLEEEEING.
  4747 | D:6      | 4747 ||| FLEEEEING.
  4748 | D:6      | 4748 ||| FLEEEEING.
  4749 | D:6      | 4749 ||| FLEEEEING.
  4755 | D:6      | 4755 ||| FLEEEEING.
  4756 | D:6      | 4756 ||| FLEEEEING.
  4757 | D:6      | 4757 ||| FLEEEEING.
  4758 | D:6      | 4758 ||| FLEEEEING.
  4761 | D:6      | 4761 ||| FLEEEEING.
  4762 | D:6      | 4762 ||| FLEEEEING.
  4763 | D:6      | 4763 ||| STAIRDANCE
  4783 | D:5      | 4783 ||| DROPPING amulet of magic regeneration.
  4786 | D:6      | 4786 ||| INVOKING Heroism.
  4801 | D:6      | Reached skill level 3 in Invocations
  4868 | D:6      | 4868 ||| FLEEEEING.
  4875 | D:6      | 4875 ||| FLEEEEING.
  4876 | D:6      | 4876 ||| FLEEEEING.
  4877 | D:6      | 4877 ||| FLEEEEING.
  4878 | D:6      | 4878 ||| FLEEEEING.
  4879 | D:6      | 4879 ||| FLEEEEING.
  4880 | D:6      | 4880 ||| FLEEEEING.
  4881 | D:6      | 4881 ||| FLEEEEING.
  4883 | D:6      | 4883 ||| STAIRDANCE
  4936 | D:6      | 4936 ||| Stepping ~*~*~tactically~*~*~ (hiding).
  4942 | D:6      | 4942 ||| INVOKING Heroism.
  4989 | D:6      | 4989 ||| Stepping ~*~*~tactically~*~*~ (hiding).
  4990 | D:6      | 4990 ||| Stepping ~*~*~tactically~*~*~ (hiding).
  5127 | D:6      | Reached skill level 9 in Axes
  5190 | D:6      | 5190 ||| INVOKING Heroism.
  5203 | D:6      | Reached ** piety under Okawaru
  5307 | D:6      | 5307 ||| INVOKING Heroism.
  5323 | D:6      | Noticed a two-headed ogre
  5327 | D:6      | 5327 ||| INVOKING Heroism.
  5332 | D:6      | Killed a two-headed ogre
  5333 | D:6      | Reached skill level 7 in Fighting
  5333 | D:6      | Reached XP level 10. HP: 64/64 MP: 10/13
  5359 | D:6      | 5359 ||| Stepping ~*~*~tactically~*~*~ (stealth).
  5361 | D:6      | 5361 ||| Stepping ~*~*~tactically~*~*~ (hiding).
  5364 | D:6      | 5364 ||| INVOKING Heroism.
  5379 | D:6      | 5379 ||| INVOKING Heroism.
  5405 | D:6      | Reached *** piety under Okawaru
  5416 | D:6      | 5416 ||| INVOKING Heroism.
  5629 | D:6      | 5629 ||| READING 2 scrolls labelled CEHAIBL DEQAKOU.
  5630 | D:6      | 5630 ||| READING scroll of enchant weapon.
  5630 | D:6      | 5630 ||| ENCHANTING +1 war axe of electrocution.
  5631 | D:6      | 5631 ||| READING 3 scrolls of identify.
  5631 | D:6      | 5631 ||| IDENTIFYING emerald potion
  5632 | D:6      | 5632 ||| READING 2 scrolls of identify.
  5632 | D:6      | 5632 ||| IDENTIFYING bubbling black potion
  5633 | D:6      | 5633 ||| DROPPING potion of brilliance.
  5634 | D:6      | 5634 ||| DROPPING potion of berserk rage.
  5675 | D:7      | 5675 ||| Stepping ~*~*~tactically~*~*~ (hiding).
  5677 | D:7      | 5677 ||| Stepping ~*~*~tactically~*~*~ (hiding).
  5679 | D:7      | 5679 ||| Stepping ~*~*~tactically~*~*~ (hiding).
  5693 | D:7      | 5693 ||| INVOKING Heroism.
  5697 | D:7      | Reached skill level 1 in Throwing
  5723 | D:7      | 5723 ||| FLEEEEING.
  5727 | D:7      | 5727 ||| STAIRDANCE
  5769 | D:7      | 5769 ||| STAIRDANCE
  5778 | D:7      | 5778 ||| STAIRDANCE
  5793 | D:7      | 5793 ||| STAIRDANCE
  5826 | D:7      | 5826 ||| STAIRDANCE
  5831 | D:6      | Received a gift from Okawaru
  5832 | D:6      | Reached skill level 9 in Armour
  5837 | D:7      | 5837 ||| INVOKING Heroism.
  5885 | D:7      | Reached skill level 8 in Fighting
  6115 | D:7      | Reached skill level 3 in Throwing
  6189 | D:7      | 6189 ||| READING scroll of enchant weapon.
  6189 | D:7      | 6189 ||| ENCHANTING +2 war axe of electrocution.
  6456 | D:7      | 6456 ||| READING scroll labelled JIABEZX BETZ.
  6480 | D:8      | 6480 ||| PLANNING OSSUARY
  6480 | D:8      | 6480 ||| INVOKING Heroism.
  6481 | D:8      | Found a sand-covered staircase.
  6513 | D:8      | 6513 ||| FLEEEEING.
  6514 | D:8      | 6514 ||| FLEEEEING.
  6515 | D:8      | 6515 ||| FLEEEEING.
  6518 | D:8      | 6518 ||| STAIRDANCE
  6641 | D:8      | 6641 ||| STAIRDANCE
  6647 | D:7      | Reached **** piety under Okawaru
  6653 | D:8      | 6653 ||| STAIRDANCE
  6660 | D:8      | 6660 ||| STAIRDANCE
  6662 | D:7      | 6662 ||| INVOKING Heroism.
  6666 | D:7      | Reached XP level 11. HP: 38/68 MP: 11/14
  6768 | D:8      | 6768 ||| STAIRDANCE
  6812 | D:8      | 6812 ||| INVOKING Heroism.
  6827 | D:8      | 6827 ||| STAIRDANCE
  6886 | Ossuary  | Entered an ossuary
  6925 | Ossuary  | 6925 ||| Stepping ~*~*~tactically~*~*~ (stealth).
  6995 | Ossuary  | 6995 ||| Stepping ~*~*~tactically~*~*~ (stealth).
  6997 | Ossuary  | 6997 ||| INVOKING Heroism.
  7078 | Ossuary  | 7078 ||| INVOKING Heroism.
  7144 | Ossuary  | 7144 ||| Stepping ~*~*~tactically~*~*~ (stealth).
  7178 | Ossuary  | 7178 ||| READING scroll labelled XAFOTA POHUNUO.
  7179 | Ossuary  | 7179 ||| READING scroll labelled CESEN JOAHOE.
  7180 | Ossuary  | 7180 ||| READING 6 scrolls of identify.
  7180 | Ossuary  | 7180 ||| IDENTIFYING yellow potion
  7181 | Ossuary  | 7181 ||| READING 5 scrolls of identify.
  7181 | Ossuary  | 7181 ||| IDENTIFYING bubbling emerald potion
  7182 | Ossuary  | 7182 ||| READING 4 scrolls of identify.
  7182 | Ossuary  | 7182 ||| IDENTIFYING smoky puce potion
  7183 | Ossuary  | 7183 ||| READING 3 scrolls of identify.
  7183 | Ossuary  | 7183 ||| IDENTIFYING orange potion
  7184 | Ossuary  | 7184 ||| READING 2 scrolls of identify.
  7184 | Ossuary  | 7184 ||| IDENTIFYING fuming inky potion
  7185 | Ossuary  | 7185 ||| DROPPING potion of degeneration.
  7186 | Ossuary  | 7186 ||| DROPPING potion of invisibility.
  7221 | D:8      | 7221 ||| PLANNING D:1-11
  7726 | D:9      | 7726 ||| INVOKING Heroism.
  7890 | D:9      | 7890 ||| Stepping ~*~*~tactically~*~*~ (stealth).
  7892 | D:9      | 7892 ||| Stepping ~*~*~tactically~*~*~ (stealth).
  7919 | D:9      | 7919 ||| Stepping ~*~*~tactically~*~*~ (stealth).
  7922 | D:9      | Reached skill level 6 in Invocations
  8114 | D:9      | 8114 ||| Stepping ~*~*~tactically~*~*~ (hiding).
  8120 | D:9      | 8120 ||| INVOKING Heroism.
  8122 | D:9      | Found a shadowy altar of Dithmenos.
  8147 | D:9      | Noticed a two-headed ogre
  8148 | D:9      | 8148 ||| Stepping ~*~*~tactically~*~*~ (stealth).
  8149 | D:9      | 8149 ||| Stepping ~*~*~tactically~*~*~ (stealth).
  8153 | D:9      | 8153 ||| Stepping ~*~*~tactically~*~*~ (stealth).
  8154 | D:9      | 8154 ||| INVOKING Heroism.
  8160 | D:9      | Killed a two-headed ogre
  8160 | D:9      | Reached ***** piety under Okawaru
  8177 | D:9      | 8177 ||| Stepping ~*~*~tactically~*~*~ (hiding).
  8181 | D:9      | 8181 ||| Stepping ~*~*~tactically~*~*~ (stealth).
  8223 | D:9      | Noticed a two-headed ogre
  8224 | D:9      | 8224 ||| INVOKING Heroism.
  8230 | D:9      | Killed a two-headed ogre
  8387 | D:9      | 8387 ||| Stepping ~*~*~tactically~*~*~ (hiding).
  8582 | D:10     | Entered Level 10 of the Dungeon
  8582 | D:10     | Noticed a two-headed ogre
  8583 | D:10     | 8583 ||| INVOKING Heroism.
  8591 | D:10     | Killed a two-headed ogre
  8660 | D:10     | Noticed a death yak
  8661 | D:10     | 8661 ||| INVOKING Heroism.
  8662 | D:10     | 8662 ||| INVOKING Finesse.
  8664 | D:10     | Noticed a death yak
  8673 | D:10     | Killed a death yak
  8673 | D:10     | Received a gift from Okawaru
  8675 | D:10     | Noticed a death yak
  8681 | D:10     | Noticed a death yak
  8681 | D:10     | Noticed a death yak
  8681 | D:10     | Noticed a death yak
  8683 | D:10     | Killed a death yak
  8686 | D:10     | Noticed a death yak
  8686 | D:10     | Noticed a death yak
  8693 | D:10     | Killed a death yak
  8694 | D:10     | Reached skill level 9 in Fighting
  8694 | D:10     | Reached skill level 9 in Invocations
  8694 | D:10     | Reached XP level 12. HP: 61/76 MP: 12/18
  8697 | D:10     | Killed a death yak
  8702 | D:10     | Killed a death yak
  8703 | D:10     | Killed a death yak
  8708 | D:10     | Killed a death yak
  8711 | D:10     | Killed a death yak
  8711 | D:10     | Received a gift from Okawaru
  8773 | D:10     | Found a staircase to the Lair.
  8790 | D:10     | 8790 ||| Stepping ~*~*~tactically~*~*~ (hiding).
  8815 | D:10     | 8815 ||| Stepping ~*~*~tactically~*~*~ (stealth).
  8848 | D:10     | 8848 ||| Stepping ~*~*~tactically~*~*~ (stealth).
  8851 | D:10     | 8851 ||| Stepping ~*~*~tactically~*~*~ (stealth).
  8904 | D:10     | 8904 ||| Stepping ~*~*~tactically~*~*~ (stealth).
  8906 | D:10     | 8906 ||| Stepping ~*~*~tactically~*~*~ (stealth).
  8912 | D:10     | 8912 ||| INVOKING Heroism.
  8931 | D:10     | Found a shimmering blue altar of Sif Muna.
  9006 | D:10     | Noticed a centaur warrior
  9008 | D:10     | 9008 ||| INVOKING Heroism.
  9010 | D:10     | Noticed a two-headed ogre
  9011 | D:10     | HP: 17/76 [something (15)]
  9012 | D:10     | 9012 ||| READING 4 scrolls of teleportation.
  9013 | D:10     | 9013 ||| DRINKING 8 potions of heal wounds.
  9120 | D:10     | 9120 ||| Invisible monster not found???
  9220 | D:10     | 9220 ||| INVOKING Heroism.
  9222 | D:10     | Killed a centaur warrior
  9222 | D:10     | Received a gift from Okawaru
  9258 | D:10     | 9258 ||| DROPPING +0 morningstar.
  9288 | D:10     | Identified the +2 robe of Pocuvvewn {+Blink rF+++ Dex-2
                  | Slay+3}
  9289 | D:10     | 9289 ||| Stepping ~*~*~tactically~*~*~ (hiding).
  9302 | D:10     | Reached skill level 12 in Axes
  9326 | D:10     | 9326 ||| INVOKING Heroism.
  9340 | D:10     | 9340 ||| Stepping ~*~*~tactically~*~*~ (hiding).
  9364 | D:10     | 9364 ||| READING scroll of enchant armour.
  9364 | D:10     | 9364 ||| ENCHANTING +0 helmet.
  9372 | D:10     | 9372 ||| Stepping ~*~*~tactically~*~*~ (stealth).
  9637 | D:10     | Killed a two-headed ogre
  9637 | D:10     | Identified the +4 kite shield "Dum Udghi" {rC- Will+++ MP-9
                  | Str+4} (Okawaru gifted it to you on level 10 of the
                  | Dungeon)
  9637 | D:10     | Received a gift from Okawaru
  9638 | D:10     | Reached skill level 6 in Shields
  9673 | D:10     | 9673 ||| Stepping ~*~*~tactically~*~*~ (hiding).
  9674 | D:10     | 9674 ||| Stepping ~*~*~tactically~*~*~ (hiding).
  9679 | D:10     | 9679 ||| INVOKING Heroism.
  9715 | D:10     | 9715 ||| PLANNING LAIR
  9715 | D:10     | 9715 ||| UPGRADING to +4 kite shield "Dum Udghi" {rC-
                  | Will+++ MP-9 Str+4}.
  9725 | D:10     | 9725 ||| DROPPING +0 buckler.
  9726 | D:10     | 9726 ||| UPGRADING to +4 ring of slaying {mikee}.
  9727 | D:10     | 9727 ||| DRINKING 2 ruby potions.
  9752 | Lair:1   | Entered Level 1 of the Lair of Beasts
  9762 | Lair:1   | 9762 ||| INVOKING Heroism.
  9764 | Lair:1   | 9764 ||| Stepping ~*~*~tactically~*~*~ (stealth).
  9847 | Lair:1   | 9847 ||| Stepping ~*~*~tactically~*~*~ (stealth).
  9882 | Lair:1   | 9882 ||| Stepping ~*~*~tactically~*~*~ (stealth).
  9883 | Lair:1   | 9883 ||| Stepping ~*~*~tactically~*~*~ (stealth).
  9884 | Lair:1   | 9884 ||| INVOKING Heroism.
  9885 | Lair:1   | 9885 ||| Stepping ~*~*~tactically~*~*~ (stealth).
  9899 | Lair:1   | Reached XP level 13. HP: 80/80 MP: 9/20
 10145 | Lair:1   | 10145 ||| Stepping ~*~*~tactically~*~*~ (stealth).
 10146 | Lair:1   | 10146 ||| Stepping ~*~*~tactically~*~*~ (stealth).
 10161 | Lair:1   | Reached skill level 9 in Shields
 10268 | Lair:1   | 10268 ||| Stepping ~*~*~tactically~*~*~ (hiding).
 10630 | Lair:1   | 10630 ||| READING 2 scrolls labelled ANUBRE LOEDI.
 10631 | Lair:1   | 10631 ||| DROPPING scroll of summoning.
 10709 | Lair:2   | 10709 ||| INVOKING Heroism.
 10751 | Lair:2   | 10751 ||| INVOKING Heroism.
 10784 | Lair:2   | 10784 ||| DROPPING +0 war axe of electrocution.
 10887 | Lair:2   | Found a staircase to the Shoals.
 10888 | Lair:2   | 10888 ||| INVOKING Heroism.
 10942 | Lair:2   | 10942 ||| Stepping ~*~*~tactically~*~*~ (stealth).
 11099 | Lair:2   | 11099 ||| INVOKING Heroism.
 11100 | Lair:2   | 11100 ||| INVOKING Finesse.
 11197 | Lair:2   | 11197 ||| INVOKING Heroism.
 11198 | Lair:2   | 11198 ||| INVOKING Finesse.
 11200 | Lair:2   | 11200 ||| SWAPPING to +0 eveningstar.
 11206 | Lair:2   | 11206 ||| SWAPPING to +3 war axe of electrocution.
 11423 | Lair:2   | Found a staircase to the Snake Pit.
 11594 | Lair:2   | 11594 ||| UPGRADING to +0 pair of boots.
 11735 | Lair:3   | 11735 ||| INVOKING Heroism.
 11780 | Lair:3   | Identified the +5 spear "Ponykk" {vorpal, Fragile Dex+3}
 11785 | Lair:3   | 11785 ||| READING scroll of brand weapon.
 11785 | Lair:3   | 11785 ||| BRANDING +3 war axe of electrocution.
 11810 | Lair:3   | 11810 ||| Stepping ~*~*~tactically~*~*~ (stealth).
 11811 | Lair:3   | 11811 ||| Stepping ~*~*~tactically~*~*~ (stealth).
 11813 | Lair:3   | 11813 ||| Stepping ~*~*~tactically~*~*~ (stealth).
 11815 | Lair:3   | 11815 ||| Stepping ~*~*~tactically~*~*~ (stealth).
 11818 | Lair:3   | 11818 ||| Stepping ~*~*~tactically~*~*~ (stealth).
 11822 | Lair:3   | 11822 ||| Stepping ~*~*~tactically~*~*~ (stealth).
 11823 | Lair:3   | 11823 ||| Stepping ~*~*~tactically~*~*~ (stealth).
 11824 | Lair:3   | 11824 ||| Stepping ~*~*~tactically~*~*~ (stealth).
 11830 | Lair:3   | 11830 ||| Stepping ~*~*~tactically~*~*~ (stealth).
 11832 | Lair:3   | 11832 ||| Stepping ~*~*~tactically~*~*~ (stealth).
 11875 | Lair:3   | 11875 ||| Stepping ~*~*~tactically~*~*~ (stealth).
 11879 | Lair:3   | 11879 ||| Stepping ~*~*~tactically~*~*~ (hiding).
 11880 | Lair:3   | 11880 ||| Stepping ~*~*~tactically~*~*~ (hiding).
 12174 | Lair:3   | 12174 ||| INVOKING Heroism.
 12175 | Lair:3   | 12175 ||| INVOKING Finesse.
 12286 | Lair:3   | Found a runed translucent gate.
 12286 | Lair:3   | Found a runed translucent gate.
 12290 | Lair:3   | Found a runed translucent gate.
 12291 | Lair:3   | Noticed qw's ghost (journeyman GrFi)
 12291 | Lair:3   | Noticed Yjeari's ghost (journeyman GrMo)
 12436 | Lair:3   | 12436 ||| READING 2 scrolls labelled BEVIST IBUJECK.
 12437 | Lair:3   | 12437 ||| READING scroll labelled ENNEID ZIANIYTZ.
 12538 | Lair:3   | 12538 ||| READING 8 scrolls of identify.
 12538 | Lair:3   | 12538 ||| IDENTIFYING cyan potion
 12539 | Lair:3   | 12539 ||| DROPPING scroll of butterflies.
 12582 | Lair:4   | Received a gift from Okawaru
 12606 | Lair:4   | 12606 ||| INVOKING Heroism.
 12671 | Lair:4   | 12671 ||| INVOKING Heroism.
 12690 | Lair:4   | Reached skill level 10 in Fighting
 12856 | Lair:4   | Found a runed translucent door.
 12856 | Lair:4   | Found a viscous altar of Jiyva.
 12856 | Lair:4   | Noticed an acid blob
 12908 | Lair:4   | 12908 ||| Stepping ~*~*~tactically~*~*~ (stealth).
 12932 | Lair:4   | Noticed Kirke
 12933 | Lair:4   | 12933 ||| INVOKING Heroism.
 12934 | Lair:4   | 12934 ||| INVOKING Finesse.
 12946 | Lair:4   | Killed Kirke
 12953 | Lair:4   | 12953 ||| Stepping ~*~*~tactically~*~*~ (stealth).
 12954 | Lair:4   | 12954 ||| Stepping ~*~*~tactically~*~*~ (stealth).
 12964 | Lair:4   | 12964 ||| Stepping ~*~*~tactically~*~*~ (stealth).
 13040 | Lair:4   | 13040 ||| INVOKING Heroism.
 13216 | Lair:4   | 13216 ||| INVOKING Heroism.
 13327 | Lair:4   | 13327 ||| Stepping ~*~*~tactically~*~*~ (stealth).
 13329 | Lair:4   | 13329 ||| INVOKING Heroism.
 13564 | Lair:4   | Noticed an acid blob
 13564 | Lair:4   | Noticed an acid blob
 13566 | Lair:4   | Found a staircase to the Slime Pits.
 13567 | Lair:4   | Noticed an acid blob
 13581 | Lair:5   | Entered Level 5 of the Lair of Beasts
 13582 | Lair:5   | 13582 ||| STAIRDANCE
 13587 | Lair:5   | 13587 ||| STAIRDANCE
 13597 | Lair:5   | 13597 ||| STAIRDANCE
 13621 | Lair:5   | 13621 ||| Stepping ~*~*~tactically~*~*~ (hiding).
 13654 | Lair:5   | 13654 ||| Stepping ~*~*~tactically~*~*~ (stealth).
 13674 | Lair:5   | 13674 ||| FLEEEEING.
 13675 | Lair:5   | 13675 ||| INVOKING Heroism.
 13685 | Lair:5   | Received a gift from Okawaru
 13695 | Lair:5   | 13695 ||| Stepping ~*~*~tactically~*~*~ (stealth).
 13703 | Lair:5   | Gained mutation: Your large and strong wings let you fly.
                  | [Gargoyle growth]
 13703 | Lair:5   | Reached XP level 14. HP: 88/88 MP: 12/21
 13706 | Lair:5   | Received a gift from Okawaru
 13715 | Lair:5   | 13715 ||| Stepping ~*~*~tactically~*~*~ (stealth).
 13739 | Lair:5   | 13739 ||| INVOKING Heroism.
 13750 | Lair:5   | 13750 ||| Stepping ~*~*~tactically~*~*~ (stealth).
 13765 | Lair:5   | 13765 ||| Stepping ~*~*~tactically~*~*~ (stealth).
 13843 | Lair:5   | 13843 ||| Stepping ~*~*~tactically~*~*~ (stealth).
 13844 | Lair:5   | 13844 ||| Stepping ~*~*~tactically~*~*~ (stealth).
 13846 | Lair:5   | 13846 ||| Stepping ~*~*~tactically~*~*~ (stealth).
 13867 | Lair:5   | 13867 ||| Stepping ~*~*~tactically~*~*~ (stealth).
 13874 | Lair:5   | Reached skill level 12 in Armour
 13876 | Lair:5   | 13876 ||| Stepping ~*~*~tactically~*~*~ (stealth).
 13877 | Lair:5   | 13877 ||| Stepping ~*~*~tactically~*~*~ (stealth).
 13925 | Lair:5   | 13925 ||| Stepping ~*~*~tactically~*~*~ (stealth).
 13927 | Lair:5   | 13927 ||| Stepping ~*~*~tactically~*~*~ (cloud).
 13995 | Lair:5   | Identified the +3 trident of Destiny {freeze, rN++ Dex+2}
 14018 | Lair:5   | 14018 ||| INVOKING Heroism.
 14019 | Lair:5   | 14019 ||| INVOKING Finesse.
 14022 | Lair:5   | Received a gift from Okawaru
 14129 | Lair:5   | 14129 ||| Stepping ~*~*~tactically~*~*~ (stealth).
 14133 | Lair:5   | 14133 ||| Stepping ~*~*~tactically~*~*~ (stealth).
 14139 | Lair:5   | 14139 ||| INVOKING Heroism.
 14232 | Lair:5   | Noticed a dire elephant
 14233 | Lair:5   | 14233 ||| Stepping ~*~*~tactically~*~*~ (stealth).
 14235 | Lair:5   | 14235 ||| INVOKING Heroism.
 14247 | Lair:5   | Killed a dire elephant
 14275 | Lair:5   | 14275 ||| Stepping ~*~*~tactically~*~*~ (stealth).
 14279 | Lair:5   | 14279 ||| Stepping ~*~*~tactically~*~*~ (stealth).
 14281 | Lair:5   | Received a gift from Okawaru
 14400 | Lair:5   | Found a runed translucent gate.
 14400 | Lair:5   | Found a runed translucent gate.
 14400 | Lair:5   | Found a runed translucent gate.
 14406 | Lair:5   | Noticed qw's ghost (journeyman GrFi)
 14796 | Lair:5   | 14796 ||| PLANNING D:1-11
 14796 | Lair:5   | 14796 ||| DRINKING 2 fizzy coppery potions.
 14797 | Lair:5   | 14797 ||| READING 12 scrolls of identify.
 14797 | Lair:5   | 14797 ||| IDENTIFYING sapphire potion
 14798 | Lair:5   | 14798 ||| DROPPING potion of ambrosia.
 14919 | D:11     | Found Kyngiqot's Book Emporium.
 14962 | D:11     | 14962 ||| Stepping ~*~*~tactically~*~*~ (hiding).
 14991 | D:11     | Found Roehegas's Jewellery Shop.
 14997 | D:11     | 14997 ||| BUYING +4 ring of evasion (504 gold).
 14997 | D:11     | Bought a +4 ring of evasion for 504 gold pieces
 14997 | D:11     | 14997 ||| BUYING ring of fire (350 gold).
 14997 | D:11     | Bought a ring of fire for 350 gold pieces
 14997 | D:11     | 14997 ||| SHOPLISTING ring of ice (350 gold, have 329).
 14997 | D:11     | 14997 ||| SHOPLISTING ring of protection from cold (350
                  | gold, have 329).
 15017 | D:11     | Found a staircase to the Orcish Mines.
 15026 | D:11     | 15026 ||| INVOKING Heroism.
 15027 | D:11     | 15027 ||| INVOKING Finesse.
 15117 | D:11     | 15117 ||| INVOKING Heroism.
 15140 | D:11     | Gained mutation: Armour fits poorly on your strangely
                  | shaped body. [a neqoxec]
 15141 | D:11     | Received a gift from Okawaru
 15142 | D:11     | Reached skill level 11 in Fighting
 15146 | D:11     | Gained mutation: You are clumsy. (Dex -2) [a neqoxec]
 15157 | D:11     | Received a gift from Okawaru
 15168 | D:11     | 15168 ||| Stepping ~*~*~tactically~*~*~ (stealth).
 15171 | D:11     | 15171 ||| INVOKING Heroism.
 15176 | D:11     | 15176 ||| DRINKING 3 potions of mutation.
 15176 | D:11     | Lost mutation: Armour fits poorly on your strangely shaped
                  | body. [potion of mutation]
 15176 | D:11     | Lost mutation: You are clumsy. (Dex -2) [potion of
                  | mutation]
 15176 | D:11     | Gained mutation: Armour fits poorly on your strangely
                  | shaped body. [potion of mutation]
 15176 | D:11     | Gained mutation: You are somewhat resistant to further
                  | mutation. [potion of mutation]
 15177 | D:11     | 15177 ||| DRINKING 2 potions of mutation.
 15177 | D:11     | Lost mutation: Armour fits poorly on your strangely shaped
                  | body. [potion of mutation]
 15177 | D:11     | Lost mutation: You are somewhat resistant to further
                  | mutation. [potion of mutation]
 15177 | D:11     | Gained mutation: Your spells are a little harder to cast,
                  | but a little more powerful. [potion of mutation]
 15177 | D:11     | Gained mutation: You expend magic power (3 MP) to
                  | strengthen your wands. [potion of mutation]
 15177 | D:11     | Gained mutation: You have hidden genetic potential. [potion
                  | of mutation]
 15219 | D:11     | 15219 ||| FLEEEEING.
 15220 | D:11     | 15220 ||| FLEEEEING.
 15221 | D:11     | 15221 ||| FLEEEEING.
 15222 | D:11     | 15222 ||| FLEEEEING.
 15223 | D:11     | 15223 ||| FLEEEEING.
 15224 | D:11     | 15224 ||| FLEEEEING.
 15227 | D:11     | 15227 ||| FLEEEEING.
 15234 | D:11     | 15234 ||| Stepping ~*~*~tactically~*~*~ (hiding).
 15235 | D:11     | 15235 ||| Stepping ~*~*~tactically~*~*~ (hiding).
 15248 | D:11     | 15248 ||| Stepping ~*~*~tactically~*~*~ (hiding).
 15263 | D:11     | Reached skill level 12 in Shields
 15279 | D:11     | 15279 ||| Stepping ~*~*~tactically~*~*~ (stealth).
 15298 | D:11     | Reached ****** piety under Okawaru
 15313 | D:11     | 15313 ||| Stepping ~*~*~tactically~*~*~ (hiding).
 15322 | D:11     | 15322 ||| Stepping ~*~*~tactically~*~*~ (stealth).
 15331 | D:11     | Identified the +4 flail of the Heavens {vorpal, rElec Str-5
                  | Stlth+}
 15332 | D:11     | Identified the ring of Happiness {rElec rF- rC+ rN+}
 15446 | D:11     | Identified the +1 plate armour of Rat Zag {rC+} (Okawaru
                  | gifted it to you on level 11 of the Dungeon)
 15446 | D:11     | Received a gift from Okawaru
 15471 | D:11     | 15471 ||| Stepping ~*~*~tactically~*~*~ (stealth).
 15582 | D:11     | 15582 ||| Stepping ~*~*~tactically~*~*~ (stealth).
 15588 | D:11     | 15588 ||| Stepping ~*~*~tactically~*~*~ (stealth).
 15763 | D:11     | 15763 ||| PLANNING D
 15763 | D:11     | 15763 ||| DROPPING +1 hat.
 15764 | D:11     | 15764 ||| UPGRADING to +4 ring of evasion.
 15766 | D:11     | 15766 ||| DROPPING +6 ring of strength.
 15793 | D:12     | 15793 ||| PLANNING GAUNTLET
 15913 | D:12     | 15913 ||| READING scroll of enchant weapon.
 15913 | D:12     | 15913 ||| ENCHANTING +3 vampiric war axe.
 15950 | D:12     | Noticed Rupert
 15951 | D:12     | 15951 ||| INVOKING Heroism.
 15952 | D:12     | 15952 ||| INVOKING Finesse.
 15973 | D:12     | Killed Rupert
 16298 | D:12     | 16298 ||| RIP GAUNTLET
 16299 | D:12     | 16299 ||| PLANNING D
 16299 | D:12     | 16299 ||| INVOKING Heroism.
 16300 | D:12     | 16300 ||| INVOKING Finesse.
 16403 | D:12     | 16403 ||| Stepping ~*~*~tactically~*~*~ (hiding).
 16405 | D:12     | 16405 ||| Stepping ~*~*~tactically~*~*~ (hiding).
 16505 | D:12     | 16505 ||| Stepping ~*~*~tactically~*~*~ (hiding).
 16688 | D:12     | Reached XP level 15. HP: 94/94 MP: 13/22
 16887 | D:12     | 16887 ||| UPGRADING to +0 pair of gloves.
 16892 | D:12     | 16892 ||| DROPPING ring of willpower.
 16976 | D:13     | 16976 ||| Stepping ~*~*~tactically~*~*~ (hiding).
 16988 | D:13     | 16988 ||| INVOKING Heroism.
 16991 | D:13     | 16991 ||| Stepping ~*~*~tactically~*~*~ (stealth).
 17010 | D:13     | Reached skill level 6 in Throwing
 17046 | D:13     | 17046 ||| Stepping ~*~*~tactically~*~*~ (hiding).
 17059 | D:13     | 17059 ||| INVOKING Heroism.
 17139 | D:13     | 17139 ||| READING scroll of enchant weapon.
 17139 | D:13     | 17139 ||| ENCHANTING +4 vampiric war axe.
 17647 | D:14     | 17647 ||| Stepping ~*~*~tactically~*~*~ (stealth).
 17651 | D:14     | 17651 ||| Stepping ~*~*~tactically~*~*~ (stealth).
 17655 | D:14     | 17655 ||| Stepping ~*~*~tactically~*~*~ (stealth).
 17661 | D:14     | 17661 ||| Stepping ~*~*~tactically~*~*~ (stealth).
 17668 | D:14     | 17668 ||| Stepping ~*~*~tactically~*~*~ (stealth).
 17676 | D:14     | 17676 ||| Stepping ~*~*~tactically~*~*~ (stealth).
 17864 | D:14     | 17864 ||| Stepping ~*~*~tactically~*~*~ (hiding).
 17865 | D:14     | 17865 ||| Stepping ~*~*~tactically~*~*~ (hiding).
 17868 | D:14     | 17868 ||| INVOKING Heroism.
 17891 | D:14     | Reached skill level 15 in Axes
 17972 | D:14     | Found a gate to the Vaults.
 18021 | D:14     | 18021 ||| Stepping ~*~*~tactically~*~*~ (stealth).
 18214 | D:15     | Entered Level 15 of the Dungeon
 18228 | D:15     | Found a sparkling altar of Nemelex Xobeh.
 18228 | D:15     | Noticed Jessica
 18231 | D:15     | Killed Jessica
 18306 | D:15     | 18306 ||| Stepping ~*~*~tactically~*~*~ (stealth).
 18315 | D:15     | 18315 ||| Stepping ~*~*~tactically~*~*~ (stealth).
 18316 | D:15     | 18316 ||| Stepping ~*~*~tactically~*~*~ (stealth).
 18317 | D:15     | 18317 ||| Stepping ~*~*~tactically~*~*~ (stealth).
 18351 | D:15     | 18351 ||| Stepping ~*~*~tactically~*~*~ (hiding).
 18464 | D:15     | 18464 ||| Stepping ~*~*~tactically~*~*~ (stealth).
 18580 | D:15     | 18580 ||| Stepping ~*~*~tactically~*~*~ (hiding).
 18583 | D:15     | 18583 ||| Stepping ~*~*~tactically~*~*~ (stealth).
 18585 | D:15     | 18585 ||| INVOKING Heroism.
 18586 | D:15     | 18586 ||| SWAPPING to +0 eveningstar.
 18587 | D:15     | 18587 ||| SWAPPING to +5 vampiric war axe.
 18589 | D:15     | 18589 ||| SWAPPING to +0 eveningstar.
 18590 | D:15     | 18590 ||| SWAPPING to +5 vampiric war axe.
 18592 | D:15     | 18592 ||| SWAPPING to +0 eveningstar.
 18593 | D:15     | 18593 ||| SWAPPING to +5 vampiric war axe.
 18595 | D:15     | 18595 ||| SWAPPING to +0 eveningstar.
 18596 | D:15     | 18596 ||| INVOKING Finesse.
 18597 | D:15     | 18597 ||| SWAPPING to +5 vampiric war axe.
 18598 | D:15     | 18598 ||| SWAPPING to +0 eveningstar.
 18603 | D:15     | Received a gift from Okawaru
 18604 | D:15     | 18604 ||| SWAPPING to +5 vampiric war axe.
 18629 | D:15     | Gained mutation: Your flesh is cold resistant. (rC+)
                  | [hidden potential]
 18751 | D:15     | 18751 ||| INVOKING Heroism.
 18752 | D:15     | 18752 ||| INVOKING Finesse.
 18754 | D:15     | 18754 ||| SWAPPING to +0 eveningstar.
 18760 | D:15     | 18760 ||| SWAPPING to +5 vampiric war axe.
 18821 | D:15     | 18821 ||| FLEEEEING.
 18822 | D:15     | 18822 ||| FLEEEEING.
 18823 | D:15     | 18823 ||| FLEEEEING.
 18828 | D:15     | 18828 ||| FLEEEEING.
 18829 | D:15     | 18829 ||| FLEEEEING.
 18833 | D:15     | 18833 ||| FLEEEEING.
 18834 | D:15     | 18834 ||| FLEEEEING.
 18835 | D:15     | 18835 ||| FLEEEEING.
 18840 | D:15     | 18840 ||| FLEEEEING.
 18841 | D:15     | 18841 ||| FLEEEEING.
 18846 | D:15     | 18846 ||| FLEEEEING.
 18847 | D:15     | 18847 ||| FLEEEEING.
 18848 | D:15     | 18848 ||| FLEEEEING.
 18849 | D:15     | 18849 ||| FLEEEEING.
 18850 | D:15     | 18850 ||| FLEEEEING.
 18860 | D:15     | 18860 ||| FLEEEEING.
 18865 | D:15     | 18865 ||| FLEEEEING.
 18866 | D:15     | 18866 ||| FLEEEEING.
 18873 | D:15     | 18873 ||| FLEEEEING.
 18874 | D:15     | 18874 ||| STAIRDANCE
 18996 | D:14     | 18996 ||| DROPPING scarf of harm.
 19026 | D:15     | 19026 ||| INVOKING Heroism.
 19027 | D:15     | 19027 ||| INVOKING Finesse.
 19110 | D:15     | 19110 ||| INVOKING Heroism.
 19160 | D:15     | Found a staircase to the Depths.
 19172 | D:15     | 19172 ||| Stepping ~*~*~tactically~*~*~ (stealth).
 19179 | D:15     | 19179 ||| Stepping ~*~*~tactically~*~*~ (stealth).
 19190 | D:15     | 19190 ||| Stepping ~*~*~tactically~*~*~ (hiding).
 19300 | D:15     | 19300 ||| Stepping ~*~*~tactically~*~*~ (hiding).
 19675 | D:15     | Reached skill level 12 in Fighting
 19689 | D:15     | 19689 ||| PLANNING ORC
 19795 | Orc:1    | Entered Level 1 of the Orcish Mines
 19795 | Orc:1    | Noticed an orc warlord
 19796 | Orc:1    | 19796 ||| INVOKING Heroism.
 19797 | Orc:1    | 19797 ||| INVOKING Finesse.
 19833 | Orc:1    | Killed an orc warlord
 20028 | Orc:2    | Entered Level 2 of the Orcish Mines
 20078 | Orc:2    | 20078 ||| INVOKING Heroism.
 20080 | Orc:2    | 20080 ||| Stepping ~*~*~tactically~*~*~ (stealth).
 20096 | Orc:2    | 20096 ||| Stepping ~*~*~tactically~*~*~ (stealth).
 20116 | Orc:2    | 20116 ||| INVOKING Finesse.
 20118 | Orc:2    | 20118 ||| Stepping ~*~*~tactically~*~*~ (hiding).
 20123 | Orc:2    | 20123 ||| INVOKING Heroism.
 20137 | Orc:2    | 20137 ||| Stepping ~*~*~tactically~*~*~ (stealth).
 20140 | Orc:2    | 20140 ||| Stepping ~*~*~tactically~*~*~ (hiding).
 20141 | Orc:2    | 20141 ||| Stepping ~*~*~tactically~*~*~ (hiding).
 20191 | Orc:2    | 20191 ||| INVOKING Heroism.
 20230 | Orc:2    | 20230 ||| Stepping ~*~*~tactically~*~*~ (stealth).
 20260 | Orc:2    | 20260 ||| Stepping ~*~*~tactically~*~*~ (hiding).
 20263 | Orc:2    | 20263 ||| INVOKING Heroism.
 20270 | Orc:2    | Found Geshroh's Antique Weapon Shop.
 20285 | Orc:2    | 20285 ||| BUYING glowing broad axe (231 gold).
 20285 | Orc:2    | Bought a glowing broad axe for 231 gold pieces
 20285 | Orc:2    | 20285 ||| DROPPING +0 broad axe.
 20290 | Orc:2    | Found Kixkov's Magic Scroll Emporium.
 20309 | Orc:2    | 20309 ||| DROPPING +0 eveningstar.
 20314 | Orc:2    | 20314 ||| BUYING scroll of teleportation (42 gold).
 20314 | Orc:2    | Bought a scroll of teleportation for 42 gold pieces
 20314 | Orc:2    | 20314 ||| BUYING scroll of teleportation (42 gold).
 20314 | Orc:2    | Bought a scroll of teleportation for 42 gold pieces
 20490 | Orc:2    | Found Kujelies's Firing Range.
 20501 | Orc:2    | 20501 ||| INVOKING Heroism.
 20503 | Orc:2    | Found Momemae's Magic Scroll Shoppe.
 20558 | Orc:2    | 20558 ||| BUYING scroll of teleportation (42 gold).
 20558 | Orc:2    | Bought a scroll of teleportation for 42 gold pieces
 20558 | Orc:2    | 20558 ||| BUYING scroll of teleportation (42 gold).
 20558 | Orc:2    | Bought a scroll of teleportation for 42 gold pieces
 20571 | Orc:2    | 20571 ||| INVOKING Heroism.
 20700 | Orc:2    | 20700 ||| Stepping ~*~*~tactically~*~*~ (stealth).
 20856 | Orc:1    | Received a gift from Okawaru
 20867 | Orc:1    | 20867 ||| Stepping ~*~*~tactically~*~*~ (stealth).
 21024 | Orc:2    | 21024 ||| Stepping ~*~*~tactically~*~*~ (hiding).
 21027 | Orc:2    | 21027 ||| INVOKING Heroism.
 21032 | Orc:2    | Reached XP level 16. HP: 101/101 MP: 11/23
 21128 | Orc:2    | Found Kuecixol's General Store.
 21128 | Orc:2    | Found Xoclekkig's Distillery.
 21142 | Orc:2    | 21142 ||| BUYING potion of attraction (33 gold).
 21142 | Orc:2    | Bought a potion of attraction for 33 gold pieces
 21142 | Orc:2    | 21142 ||| BUYING potion of attraction (33 gold).
 21142 | Orc:2    | Bought a potion of attraction for 33 gold pieces
 21142 | Orc:2    | 21142 ||| BUYING potion of curing (33 gold).
 21142 | Orc:2    | Bought a potion of curing for 33 gold pieces
 21142 | Orc:2    | 21142 ||| BUYING potion of heal wounds (55 gold).
 21142 | Orc:2    | Bought a potion of heal wounds for 55 gold pieces
 21142 | Orc:2    | 21142 ||| BUYING potion of lignification (33 gold).
 21142 | Orc:2    | Bought a potion of lignification for 33 gold pieces
 21142 | Orc:2    | 21142 ||| BUYING potion of mutation (88 gold).
 21142 | Orc:2    | Bought a potion of mutation for 88 gold pieces
 21142 | Orc:2    | 21142 ||| BUYING potion of mutation (88 gold).
 21142 | Orc:2    | Bought a potion of mutation for 88 gold pieces
 21176 | Orc:2    | Found a staircase to the Elven Halls.
 21243 | Orc:2    | 21243 ||| PLANNING SHOALS:1-3
 21374 | Shoals:1 | Entered Level 1 of the Shoals
 21469 | Shoals:1 | Identified the +0 helmet of a sewer {rC- Str+5} (Okawaru
                  | gifted it to you on level 1 of the Shoals)
 21469 | Shoals:1 | Received a gift from Okawaru
 21693 | Shoals:1 | 21693 ||| Stepping ~*~*~tactically~*~*~ (hiding).
 21694 | Shoals:1 | 21694 ||| Stepping ~*~*~tactically~*~*~ (hiding).
 21695 | Shoals:1 | 21695 ||| Stepping ~*~*~tactically~*~*~ (hiding).
 21966 | Shoals:1 | 21966 ||| INVOKING Heroism.
 22256 | Shoals:2 | 22256 ||| INVOKING Heroism.
 22262 | Shoals:2 | Reached skill level 15 in Armour
 22383 | Shoals:2 | 22383 ||| INVOKING Heroism.
 22542 | Shoals:2 | 22542 ||| Stepping ~*~*~tactically~*~*~ (hiding).
 22543 | Shoals:2 | 22543 ||| Stepping ~*~*~tactically~*~*~ (hiding).
 22544 | Shoals:2 | 22544 ||| INVOKING Heroism.
 22564 | Shoals:2 | 22564 ||| INVOKING Finesse.
 22583 | Shoals:2 | 22583 ||| INVOKING Heroism.
 22607 | Shoals:2 | Gained mutation: Your skin changes colour to match your
                  | surroundings (Stealth+). [hidden potential]
 22607 | Shoals:2 | Lost mutation: You have hidden genetic potential. [hidden
                  | potential expressed]
 22632 | Shoals:2 | 22632 ||| INVOKING Heroism.
 22689 | Shoals:2 | 22689 ||| INVOKING Heroism.
 22690 | Shoals:2 | 22690 ||| INVOKING Finesse.
 22753 | Shoals:2 | Found Salol's Vocational Training.
 22809 | Shoals:2 | Noticed a kraken
 22816 | Shoals:2 | 22816 ||| INVOKING Heroism.
 22823 | Shoals:2 | Killed a kraken
 22914 | Shoals:2 | 22914 ||| READING scroll of enchant weapon.
 22914 | Shoals:2 | 22914 ||| ENCHANTING +5 vampiric war axe.
 22957 | Shoals:2 | Noticed a kraken
 22967 | Shoals:2 | 22967 ||| INVOKING Heroism.
 22972 | Shoals:2 | Killed a kraken
 23175 | Shoals:3 | 23175 ||| STAIRDANCE
 23209 | Shoals:3 | 23209 ||| INVOKING Heroism.
 23234 | Shoals:3 | Reached skill level 13 in Fighting
 23243 | Shoals:3 | 23243 ||| INVOKING Heroism.
 23247 | Shoals:3 | Received a gift from Okawaru
 23305 | Shoals:3 | 23305 ||| Stepping ~*~*~tactically~*~*~ (stealth).
 23336 | Shoals:3 | 23336 ||| INVOKING Heroism.
 23337 | Shoals:3 | 23337 ||| INVOKING Finesse.
 23339 | Shoals:3 | 23339 ||| Stepping ~*~*~tactically~*~*~ (hiding).
 23418 | Shoals:3 | 23418 ||| INVOKING Heroism.
 23562 | Shoals:3 | Found a frozen archway.
 23578 | Shoals:3 | 23578 ||| Stepping ~*~*~tactically~*~*~ (hiding).
 23579 | Shoals:3 | 23579 ||| Stepping ~*~*~tactically~*~*~ (hiding).
 23581 | Shoals:3 | 23581 ||| Stepping ~*~*~tactically~*~*~ (hiding).
 23710 | Shoals:3 | 23710 ||| Stepping ~*~*~tactically~*~*~ (hiding).
 23751 | Shoals:3 | 23751 ||| Stepping ~*~*~tactically~*~*~ (hiding).
 23752 | Shoals:3 | 23752 ||| INVOKING Heroism.
 23847 | Shoals:3 | 23847 ||| INVOKING Heroism.
 23937 | Shoals:3 | 23937 ||| Stepping ~*~*~tactically~*~*~ (hiding).
 23938 | Shoals:3 | 23938 ||| Stepping ~*~*~tactically~*~*~ (hiding).
 23945 | Shoals:3 | Reached skill level 3 in Dodging
 24015 | Shoals:3 | 24015 ||| Stepping ~*~*~tactically~*~*~ (hiding).
 24021 | Shoals:3 | 24021 ||| Stepping ~*~*~tactically~*~*~ (hiding).
 24040 | Shoals:3 | Reached XP level 17. HP: 108/108 MP: 15/24
 24324 | Shoals:3 | 24324 ||| INVOKING Heroism.
 24348 | Shoals:3 | Found Hittosep's Visitors' Centre.
 24350 | Shoals:3 | 24350 ||| INVOKING Heroism.
 24352 | Shoals:3 | 24352 ||| INVOKING Finesse.
 24379 | Shoals:3 | Found Hittosep's Merfolk Weapons.
 24379 | Shoals:3 | Found Hittosep's Merfolk Magic.
 24421 | Shoals:3 | 24421 ||| BUYING +2 helmet of intelligence (408 gold).
 24421 | Shoals:3 | Bought a +2 helmet of intelligence for 408 gold pieces
 24426 | Shoals:3 | 24426 ||| BUYING scroll of teleportation (300 gold).
 24426 | Shoals:3 | Bought a scroll of teleportation for 300 gold pieces
 24487 | Shoals:3 | 24487 ||| PLANNING SNAKE:1-3
 24487 | Shoals:3 | 24487 ||| UPGRADING to +2 helmet of intelligence.
 24497 | Shoals:3 | 24497 ||| DROPPING +1 helmet.
 24585 | Snake:1  | Entered Level 1 of the Snake Pit
 24589 | Snake:1  | 24589 ||| Stepping ~*~*~tactically~*~*~ (hiding).
 24627 | Snake:1  | 24627 ||| INVOKING Heroism.
 24672 | Snake:1  | 24672 ||| INVOKING Heroism.
 24686 | Snake:1  | Identified the +5 scale mail of Prudence {MP+9 Int+3}
                  | (Okawaru gifted it to you on level 1 of the Snake Pit)
 24686 | Snake:1  | Received a gift from Okawaru
 24696 | Snake:1  | 24696 ||| Stepping ~*~*~tactically~*~*~ (hiding).
 24698 | Snake:1  | 24698 ||| Stepping ~*~*~tactically~*~*~ (hiding).
 24702 | Snake:1  | 24702 ||| Stepping ~*~*~tactically~*~*~ (hiding).
 24855 | Snake:1  | 24855 ||| Stepping ~*~*~tactically~*~*~ (hiding).
 24858 | Snake:1  | 24858 ||| Stepping ~*~*~tactically~*~*~ (hiding).
 24936 | Snake:1  | 24936 ||| INVOKING Heroism.
 24998 | Snake:1  | Noticed Nikola
 24998 | Snake:1  | 24998 ||| INVOKING Heroism.
 24999 | Snake:1  | 24999 ||| INVOKING Finesse.
 25016 | Snake:1  | Killed Nikola
 25279 | Snake:1  | 25279 ||| INVOKING Heroism.
 25408 | Snake:1  | 25408 ||| READING scroll of enchant armour.
 25408 | Snake:1  | 25408 ||| ENCHANTING +0 pair of gloves.
 25617 | Snake:1  | 25617 ||| Stepping ~*~*~tactically~*~*~ (hiding).
 25623 | Snake:1  | 25623 ||| INVOKING Heroism.
 25659 | Snake:1  | 25659 ||| Stepping ~*~*~tactically~*~*~ (stealth).
 25875 | Snake:1  | 25875 ||| UPGRADING to +2 cloak of willpower.
 25885 | Snake:1  | 25885 ||| DROPPING +0 cloak.
 25931 | Snake:2  | 25931 ||| INVOKING Heroism.
 25956 | Snake:2  | 25956 ||| INVOKING Heroism.
 25963 | Snake:2  | Reached skill level 14 in Fighting
 26012 | Snake:2  | 26012 ||| Stepping ~*~*~tactically~*~*~ (hiding).
 26014 | Snake:2  | 26014 ||| Stepping ~*~*~tactically~*~*~ (hiding).
 26020 | Snake:2  | 26020 ||| INVOKING Heroism.
 26110 | Snake:2  | Found Natuam's Magic Scroll Shoppe.
 26112 | Snake:2  | Found Gude's Weapon Emporium.
 26114 | Snake:2  | Found Sajant's Antique Weapon Shoppe.
 26134 | Snake:2  | 26134 ||| SHOPLISTING scroll of acquirement (988 gold, have
                  | 274).
 26134 | Snake:2  | 26134 ||| BUYING scroll of teleportation (57 gold).
 26134 | Snake:2  | Bought a scroll of teleportation for 57 gold pieces
 26134 | Snake:2  | 26134 ||| BUYING scroll of teleportation (57 gold).
 26134 | Snake:2  | Bought a scroll of teleportation for 57 gold pieces
 26385 | Snake:2  | 26385 ||| INVOKING Heroism.
 26421 | Snake:2  | 26421 ||| Stepping ~*~*~tactically~*~*~ (hiding).
 26499 | Snake:2  | 26499 ||| Stepping ~*~*~tactically~*~*~ (hiding).
 26511 | Snake:2  | 26511 ||| Stepping ~*~*~tactically~*~*~ (hiding).
 26518 | Snake:2  | 26518 ||| INVOKING Heroism.
 26540 | Snake:2  | 26540 ||| Stepping ~*~*~tactically~*~*~ (stealth).
 26564 | Snake:2  | 26564 ||| Stepping ~*~*~tactically~*~*~ (hiding).
 26592 | Snake:2  | 26592 ||| FLEEEEING.
 26593 | Snake:2  | 26593 ||| FLEEEEING.
 26594 | Snake:2  | 26594 ||| FLEEEEING.
 26597 | Snake:2  | 26597 ||| INVOKING Heroism.
 27099 | Snake:3  | Noticed Aizul
 27100 | Snake:3  | 27100 ||| INVOKING Heroism.
 27101 | Snake:3  | 27101 ||| INVOKING Finesse.
 27102 | Snake:3  | 27102 ||| STAIRDANCE
 27117 | Snake:2  | Killed Aizul
 27188 | Snake:3  | 27188 ||| Stepping ~*~*~tactically~*~*~ (hiding).
 27213 | Snake:3  | 27213 ||| READING scroll of enchant armour.
 27213 | Snake:3  | 27213 ||| ENCHANTING +1 pair of gloves.
 27232 | Snake:3  | 27232 ||| Stepping ~*~*~tactically~*~*~ (stealth).
 27256 | Snake:3  | 27256 ||| READING scroll of enchant armour.
 27256 | Snake:3  | 27256 ||| ENCHANTING +0 pair of boots.
 27287 | Snake:3  | Received a gift from Okawaru
 27380 | Snake:3  | 27380 ||| DROPPING +2 war axe of freezing.
 27388 | Snake:3  | 27388 ||| Stepping ~*~*~tactically~*~*~ (hiding).
 27390 | Snake:3  | 27390 ||| Stepping ~*~*~tactically~*~*~ (hiding).
 27396 | Snake:3  | 27396 ||| INVOKING Heroism.
 27416 | Snake:3  | Noticed Saint Roka
 27417 | Snake:3  | 27417 ||| INVOKING Finesse.
 27448 | Snake:3  | Reached skill level 18 in Armour
 27464 | Snake:3  | Killed Saint Roka
 27609 | Snake:3  | 27609 ||| Stepping ~*~*~tactically~*~*~ (hiding).
 27769 | Snake:3  | 27769 ||| READING scroll of enchant armour.
 27769 | Snake:3  | 27769 ||| ENCHANTING +1 pair of boots.
 27791 | Snake:3  | Received a gift from Okawaru
 28008 | Snake:3  | 28008 ||| PLANNING SHOALS:4
 28008 | Snake:3  | 28008 ||| DROPPING +0 kite shield.
 28009 | Snake:3  | 28009 ||| UPGRADING to +1 tower shield of positive energy.
 28236 | Shoals:4 | Entered Level 4 of the Shoals
 28237 | Shoals:4 | 28237 ||| INVOKING Heroism.
 28254 | Shoals:4 | Reached XP level 18. HP: 117/117 MP: 25/25
 28282 | Shoals:4 | 28282 ||| DROPPING +0 hand axe of flaming.
 28327 | Shoals:4 | 28327 ||| Stepping ~*~*~tactically~*~*~ (stealth).
 28337 | Shoals:4 | Received a gift from Okawaru
 28343 | Shoals:4 | 28343 ||| Stepping ~*~*~tactically~*~*~ (hiding).
 28345 | Shoals:4 | 28345 ||| INVOKING Heroism.
 28445 | Shoals:4 | Found Qonef's Book Shoppe.
 28480 | Shoals:4 | 28480 ||| Stepping ~*~*~tactically~*~*~ (hiding).
 28482 | Shoals:4 | 28482 ||| Stepping ~*~*~tactically~*~*~ (hiding).
 28714 | Shoals:4 | 28714 ||| Stepping ~*~*~tactically~*~*~ (hiding).
 28716 | Shoals:4 | 28716 ||| INVOKING Heroism.
 28726 | Shoals:4 | 28726 ||| INVOKING Finesse.
 28755 | Shoals:4 | Reached skill level 15 in Shields
 28788 | Shoals:4 | 28788 ||| INVOKING Heroism.
 28801 | Shoals:4 | 28801 ||| INVOKING Finesse.
 28985 | Shoals:4 | Found Fuulogg's Overcharged Wands.
 28993 | Shoals:4 | 28993 ||| SHOPLISTING wand of digging (11) (693 gold, have
                  | 356).
 29035 | Shoals:4 | 29035 ||| Stepping ~*~*~tactically~*~*~ (stealth).
 29040 | Shoals:4 | 29040 ||| Stepping ~*~*~tactically~*~*~ (hiding).
 29042 | Shoals:4 | 29042 ||| INVOKING Heroism.
 29043 | Shoals:4 | 29043 ||| INVOKING Finesse.
 29122 | Shoals:4 | Got a barnacled rune of Zot
 29307 | Shoals:4 | 29307 ||| PLANNING VAULTS:1-4
 29307 | Shoals:4 | 29307 ||| DROPPING ring of ice.
 29308 | Shoals:4 | 29308 ||| DROPPING 40 boomerangs.
 29309 | Shoals:4 | 29309 ||| DROPPING 3 silver boomerangs.
 29310 | Shoals:4 | 29310 ||| DROPPING 4 boomerangs of dispersal.
 29530 | Vaults:1 | Entered Level 1 of the Vaults
 29539 | Vaults:1 | 29539 ||| INVOKING Finesse.
 29586 | Vaults:1 | 29586 ||| Stepping ~*~*~tactically~*~*~ (stealth).
 29601 | Vaults:1 | 29601 ||| INVOKING Heroism.
 29606 | Vaults:1 | 29606 ||| INVOKING Finesse.
 29722 | Vaults:1 | 29722 ||| Stepping ~*~*~tactically~*~*~ (hiding).
 29723 | Vaults:1 | 29723 ||| Stepping ~*~*~tactically~*~*~ (hiding).
 29727 | Vaults:1 | 29727 ||| INVOKING Heroism.
 29732 | Vaults:1 | 29732 ||| Stepping ~*~*~tactically~*~*~ (hiding).
 29771 | Vaults:1 | 29771 ||| INVOKING Heroism.
 29779 | Vaults:1 | Identified the +1 chain mail of the Tormentor {-Tele Int+4
                  | Dex+4} (Okawaru gifted it to you on level 1 of the Vaults)
 29779 | Vaults:1 | Received a gift from Okawaru
 29853 | Vaults:1 | 29853 ||| INVOKING Heroism.
 29880 | Vaults:1 | 29880 ||| INVOKING Heroism.
 29890 | Vaults:1 | 29890 ||| Stepping ~*~*~tactically~*~*~ (hiding).
 29891 | Vaults:1 | 29891 ||| Stepping ~*~*~tactically~*~*~ (hiding).
 29977 | Vaults:1 | Reached skill level 18 in Shields
 29978 | Vaults:1 | 29978 ||| INVOKING Heroism.
 30156 | Vaults:1 | 30156 ||| INVOKING Heroism.
 30166 | Vaults:1 | 30166 ||| Stepping ~*~*~tactically~*~*~ (hiding).
 30170 | Vaults:1 | 30170 ||| Stepping ~*~*~tactically~*~*~ (stealth).
 30179 | Vaults:1 | Reached skill level 15 in Fighting
 30319 | Vaults:1 | 30319 ||| INVOKING Heroism.
 30381 | Vaults:1 | 30381 ||| Stepping ~*~*~tactically~*~*~ (hiding).
 30390 | Vaults:1 | Reached XP level 19. HP: 124/124 MP: 26/26
 30501 | Vaults:1 | 30501 ||| Stepping ~*~*~tactically~*~*~ (hiding).
 30504 | Vaults:1 | 30504 ||| INVOKING Heroism.
 30553 | Vaults:1 | 30553 ||| Stepping ~*~*~tactically~*~*~ (hiding).
 30558 | Vaults:1 | 30558 ||| INVOKING Finesse.
 30697 | Vaults:1 | You are sucked into a shaft and drop 1 floor!
 30737 | Vaults:2 | 30737 ||| Stepping ~*~*~tactically~*~*~ (hiding).
 30739 | Vaults:2 | 30739 ||| Stepping ~*~*~tactically~*~*~ (hiding).
 30742 | Vaults:2 | 30742 ||| INVOKING Heroism.
 30778 | Vaults:2 | Noticed Xtahua
 30779 | Vaults:2 | 30779 ||| Stepping ~*~*~tactically~*~*~ (hiding).
 30780 | Vaults:2 | 30780 ||| Stepping ~*~*~tactically~*~*~ (hiding).
 30781 | Vaults:2 | 30781 ||| Stepping ~*~*~tactically~*~*~ (hiding).
 30783 | Vaults:2 | 30783 ||| DRINKING 3 potions of resistance.
 30784 | Vaults:2 | 30784 ||| INVOKING Finesse.
 30786 | Vaults:2 | 30786 ||| INVOKING Heroism.
 30803 | Vaults:2 | Killed Xtahua
 30805 | Vaults:2 | Identified the +0 kite shield of Bueqodoc {Dex+6} (Okawaru
                  | gifted it to you on level 2 of the Vaults)
 30805 | Vaults:2 | Received a gift from Okawaru
 30854 | Vaults:2 | 30854 ||| INVOKING Heroism.
 30857 | Vaults:2 | 30857 ||| Stepping ~*~*~tactically~*~*~ (hiding).
 30859 | Vaults:2 | 30859 ||| Stepping ~*~*~tactically~*~*~ (hiding).
 30865 | Vaults:2 | 30865 ||| Stepping ~*~*~tactically~*~*~ (hiding).
 30958 | Vaults:2 | 30958 ||| UPGRADING to amulet of regeneration.
 30968 | Vaults:2 | 30968 ||| DROPPING amulet of the acrobat.
 30978 | Vaults:1 | 30978 ||| INVOKING Heroism.
 31041 | Vaults:1 | 31041 ||| INVOKING Heroism.
 31217 | Vaults:1 | 31217 ||| Stepping ~*~*~tactically~*~*~ (hiding).
 31219 | Vaults:1 | 31219 ||| Stepping ~*~*~tactically~*~*~ (hiding).
 31226 | Vaults:1 | 31226 ||| INVOKING Heroism.
 31259 | Vaults:1 | Reached skill level 9 in Throwing
 31274 | Vaults:1 | 31274 ||| INVOKING Heroism.
 31467 | Vaults:2 | 31467 ||| Stepping ~*~*~tactically~*~*~ (stealth).
 31470 | Vaults:2 | 31470 ||| Stepping ~*~*~tactically~*~*~ (hiding).
 31518 | Vaults:2 | 31518 ||| INVOKING Heroism.
 31525 | Vaults:2 | 31525 ||| Stepping ~*~*~tactically~*~*~ (hiding).
 31530 | Vaults:2 | 31530 ||| Stepping ~*~*~tactically~*~*~ (hiding).
 31560 | Vaults:2 | 31560 ||| Stepping ~*~*~tactically~*~*~ (hiding).
 31573 | Vaults:2 | 31573 ||| Stepping randomly (stuck).
 31574 | Vaults:2 | 31574 ||| Stepping randomly (stuck).
 31575 | Vaults:2 | 31575 ||| Stepping randomly (stuck).
 31576 | Vaults:2 | 31576 ||| Stepping randomly (stuck).
 31728 | Vaults:2 | 31728 ||| INVOKING Heroism.
 31741 | Vaults:2 | 31741 ||| Stepping ~*~*~tactically~*~*~ (stealth).
 31744 | Vaults:2 | Reached skill level 16 in Fighting
 31753 | Vaults:2 | Received a gift from Okawaru
 31795 | Vaults:2 | Found a runed translucent door.
 31798 | Vaults:2 | Noticed theMacoje's ghost (adept OgHs)
 31892 | Vaults:2 | 31892 ||| INVOKING Heroism.
 31910 | Vaults:2 | Identified the +0 cloak "Dois" {Int+3 Dex+3} (Okawaru
                  | gifted it to you on level 2 of the Vaults)
 31910 | Vaults:2 | Received a gift from Okawaru
 31917 | Vaults:2 | 31917 ||| INVOKING Finesse.
 32213 | Vaults:2 | 32213 ||| INVOKING Heroism.
 32214 | Vaults:2 | 32214 ||| INVOKING Finesse.
 32237 | Vaults:2 | 32237 ||| Stepping ~*~*~tactically~*~*~ (stealth).
 32245 | Vaults:2 | Reached XP level 20. HP: 131/131 MP: 23/27
 32290 | Vaults:2 | 32290 ||| Stepping ~*~*~tactically~*~*~ (stealth).
 32291 | Vaults:2 | 32291 ||| Stepping ~*~*~tactically~*~*~ (stealth).
 32295 | Vaults:2 | 32295 ||| Stepping ~*~*~tactically~*~*~ (hiding).
 32303 | Vaults:2 | 32303 ||| Stepping ~*~*~tactically~*~*~ (hiding).
 32420 | Vaults:2 | 32420 ||| Stepping ~*~*~tactically~*~*~ (hiding).
 32421 | Vaults:2 | 32421 ||| Stepping ~*~*~tactically~*~*~ (hiding).
 32422 | Vaults:2 | 32422 ||| Stepping ~*~*~tactically~*~*~ (hiding).
 32423 | Vaults:2 | 32423 ||| Stepping ~*~*~tactically~*~*~ (hiding).
 32424 | Vaults:2 | 32424 ||| Stepping ~*~*~tactically~*~*~ (hiding).
 32588 | Vaults:2 | 32588 ||| DROPPING +0 cloak "Dois" {Int+3 Dex+3}.
 32704 | Vaults:3 | 32704 ||| Stepping ~*~*~tactically~*~*~ (hiding).
 32723 | Vaults:3 | 32723 ||| Stepping ~*~*~tactically~*~*~ (stealth).
 32772 | Vaults:3 | 32772 ||| Stepping ~*~*~tactically~*~*~ (hiding).
 32774 | Vaults:3 | 32774 ||| Stepping ~*~*~tactically~*~*~ (stealth).
 32775 | Vaults:3 | 32775 ||| INVOKING Heroism.
 32850 | Vaults:3 | 32850 ||| INVOKING Heroism.
 32851 | Vaults:3 | 32851 ||| INVOKING Finesse.
 32852 | Vaults:3 | 32852 ||| Stepping ~*~*~tactically~*~*~ (stealth).
 32855 | Vaults:3 | 32855 ||| Stepping ~*~*~tactically~*~*~ (hiding).
 32856 | Vaults:3 | 32856 ||| Stepping ~*~*~tactically~*~*~ (hiding).
 32898 | Vaults:3 | 32898 ||| Stepping ~*~*~tactically~*~*~ (hiding).
 32900 | Vaults:3 | 32900 ||| Stepping ~*~*~tactically~*~*~ (hiding).
 32955 | Vaults:3 | 32955 ||| Stepping randomly (stuck).
 32956 | Vaults:3 | 32956 ||| Stepping randomly (stuck).
 32957 | Vaults:3 | 32957 ||| Stepping randomly (stuck).
 32958 | Vaults:3 | 32958 ||| Stepping randomly (stuck).
 32959 | Vaults:3 | 32959 ||| Stepping randomly (stuck).
 32960 | Vaults:3 | 32960 ||| Stepping randomly (stuck).
 32961 | Vaults:3 | 32961 ||| Stepping randomly (stuck).
 32962 | Vaults:3 | 32962 ||| Stepping randomly (stuck).
 32963 | Vaults:3 | 32963 ||| Stepping randomly (stuck).
 32964 | Vaults:3 | 32964 ||| Stepping randomly (stuck).
 32965 | Vaults:3 | 32965 ||| Stepping randomly (stuck).
 32966 | Vaults:3 | 32966 ||| Stepping randomly (stuck).
 32967 | Vaults:3 | 32967 ||| Stepping randomly (stuck).
 32968 | Vaults:3 | 32968 ||| Stepping randomly (stuck).
 32969 | Vaults:3 | 32969 ||| Stepping randomly (stuck).
 32970 | Vaults:3 | 32970 ||| Stepping randomly (stuck).
 32971 | Vaults:3 | 32971 ||| Stepping randomly (stuck).
 32972 | Vaults:3 | 32972 ||| Stepping randomly (stuck).
 32973 | Vaults:3 | 32973 ||| Stepping randomly (stuck).
 32974 | Vaults:3 | 32974 ||| Stepping randomly (stuck).
 32975 | Vaults:3 | 32975 ||| Stepping randomly (stuck).
 32976 | Vaults:3 | 32976 ||| Stepping randomly (stuck).
 32977 | Vaults:3 | 32977 ||| Stepping randomly (stuck).
 32978 | Vaults:3 | 32978 ||| Stepping randomly (stuck).
 32979 | Vaults:3 | 32979 ||| Stepping randomly (stuck).
 32980 | Vaults:3 | 32980 ||| Stepping randomly (stuck).
 32981 | Vaults:3 | 32981 ||| Stepping randomly (stuck).
 32982 | Vaults:3 | 32982 ||| Stepping randomly (stuck).
 32983 | Vaults:3 | 32983 ||| Stepping randomly (stuck).
 32984 | Vaults:3 | 32984 ||| Stepping randomly (stuck).
 32985 | Vaults:3 | 32985 ||| Stepping randomly (stuck).
 32986 | Vaults:3 | 32986 ||| Stepping randomly (stuck).
 32987 | Vaults:3 | 32987 ||| Stepping randomly (stuck).
 32988 | Vaults:3 | 32988 ||| Stepping randomly (stuck).
 32989 | Vaults:3 | 32989 ||| Stepping randomly (stuck).
 32990 | Vaults:3 | 32990 ||| Stepping randomly (stuck).
 32991 | Vaults:3 | 32991 ||| Stepping randomly (stuck).
 32992 | Vaults:3 | 32992 ||| Stepping randomly (stuck).
 32993 | Vaults:3 | 32993 ||| Stepping randomly (stuck).
 32994 | Vaults:3 | 32994 ||| Stepping randomly (stuck).
 32995 | Vaults:3 | 32995 ||| Stepping randomly (stuck).
 32996 | Vaults:3 | 32996 ||| Stepping randomly (stuck).
 32997 | Vaults:3 | 32997 ||| Stepping randomly (stuck).
 32998 | Vaults:3 | 32998 ||| Stepping randomly (stuck).
 32999 | Vaults:3 | 32999 ||| Stepping randomly (stuck).
 33000 | Vaults:3 | 33000 ||| Stepping randomly (stuck).
 33001 | Vaults:3 | 33001 ||| Stepping randomly (stuck).
 33002 | Vaults:3 | 33002 ||| Stepping randomly (stuck).
 33003 | Vaults:3 | 33003 ||| Stepping randomly (stuck).
 33004 | Vaults:3 | 33004 ||| Stepping randomly (stuck).
 33005 | Vaults:3 | 33005 ||| Stepping randomly (stuck).
 33006 | Vaults:3 | 33006 ||| READING 18 scrolls of teleportation.
 33037 | Vaults:3 | 33037 ||| Stepping ~*~*~tactically~*~*~ (stealth).
 33039 | Vaults:3 | 33039 ||| Stepping ~*~*~tactically~*~*~ (hiding).
 33042 | Vaults:3 | 33042 ||| Stepping ~*~*~tactically~*~*~ (hiding).
 33043 | Vaults:3 | 33043 ||| Stepping ~*~*~tactically~*~*~ (hiding).
 33093 | Vaults:4 | 33093 ||| STAIRDANCE
 33105 | Vaults:4 | 33105 ||| INVOKING Heroism.
 33108 | Vaults:4 | 33108 ||| INVOKING Finesse.
 33116 | Vaults:4 | 33116 ||| STAIRDANCE
 33149 | Vaults:4 | 33149 ||| INVOKING Finesse.
 33159 | Vaults:4 | Reached skill level 17 in Fighting
 33162 | Vaults:4 | 33162 ||| STAIRDANCE
 33292 | Vaults:4 | 33292 ||| STAIRDANCE
 33294 | Vaults:3 | 33294 ||| INVOKING Finesse.
 33438 | Vaults:4 | 33438 ||| INVOKING Heroism.
 33588 | Vaults:4 | 33588 ||| INVOKING Heroism.
 33706 | Vaults:4 | 33706 ||| INVOKING Heroism.
 33797 | Vaults:3 | 33797 ||| INVOKING Heroism.
 33805 | Vaults:3 | HP: 10/134 [crystal guardian/crystal bolt[a peacekeeper]
                  | (62)]
 33806 | Vaults:3 | 33806 ||| READING 17 scrolls of teleportation.
 33807 | Vaults:3 | 33807 ||| DRINKING 10 potions of heal wounds.
 33915 | Vaults:3 | 33915 ||| INVOKING Heroism.
 34022 | Vaults:3 | 34022 ||| Stepping ~*~*~tactically~*~*~ (stealth).
 34092 | Vaults:3 | 34092 ||| Stepping ~*~*~tactically~*~*~ (stealth).
 34094 | Vaults:3 | 34094 ||| Stepping ~*~*~tactically~*~*~ (stealth).
 34116 | Vaults:3 | 34116 ||| INVOKING Heroism.
 34127 | Vaults:3 | Received a gift from Okawaru
 34138 | Vaults:3 | Reached skill level 21 in Armour
 34200 | Vaults:3 | 34200 ||| INVOKING Heroism.
 34210 | Vaults:3 | Received a gift from Okawaru
 34322 | Vaults:3 | Received a gift from Okawaru
 34428 | Vaults:3 | 34428 ||| INVOKING Heroism.
 34448 | Vaults:3 | Found a staircase to the Crypt.
 34859 | Vaults:3 | 34859 ||| Stepping ~*~*~tactically~*~*~ (hiding).
 34860 | Vaults:3 | 34860 ||| Stepping ~*~*~tactically~*~*~ (hiding).
 34881 | Vaults:3 | 34881 ||| UPGRADING to +2 tower shield.
 34891 | Vaults:3 | 34891 ||| DROPPING +1 tower shield of positive energy.
 35005 | Vaults:4 | 35005 ||| STAIRDANCE
 35016 | Vaults:4 | 35016 ||| STAIRDANCE
 35131 | Vaults:4 | 35131 ||| INVOKING Heroism.
 35190 | Vaults:4 | 35190 ||| INVOKING Heroism.
 35312 | Vaults:4 | 35312 ||| Stepping ~*~*~tactically~*~*~ (stealth).
 35314 | Vaults:4 | 35314 ||| INVOKING Heroism.
 35315 | Vaults:4 | 35315 ||| INVOKING Finesse.
 35513 | Vaults:4 | 35513 ||| Stepping ~*~*~tactically~*~*~ (stealth).
 35515 | Vaults:4 | 35515 ||| INVOKING Heroism.
 35564 | Vaults:4 | 35564 ||| Stepping ~*~*~tactically~*~*~ (hiding).
 35570 | Vaults:4 | 35570 ||| Stepping ~*~*~tactically~*~*~ (stealth).
 35579 | Vaults:4 | 35579 ||| INVOKING Heroism.
 35588 | Vaults:4 | Reached XP level 21. HP: 140/140 MP: 26/28
 35596 | Vaults:4 | Identified the +10 hand axe of the Holding Stork {vorpal,
                  | Fly rF++ rC- rN+} (Okawaru gifted it to you on level 4 of
                  | the Vaults)
 35596 | Vaults:4 | Received a gift from Okawaru
 36056 | Vaults:4 | 36056 ||| INVOKING Heroism.
 36057 | Vaults:4 | 36057 ||| Stepping ~*~*~tactically~*~*~ (hiding).
 36058 | Vaults:4 | 36058 ||| Stepping ~*~*~tactically~*~*~ (stealth).
 36092 | Vaults:4 | 36092 ||| PLANNING SNAKE:4
 36092 | Vaults:4 | 36092 ||| DROPPING amulet of faith.
 36093 | Vaults:4 | 36093 ||| DROPPING ring of magical power.
 36461 | Snake:4  | Entered Level 4 of the Snake Pit
 36462 | Snake:4  | 36462 ||| INVOKING Heroism.
 36561 | Snake:4  | 36561 ||| Stepping ~*~*~tactically~*~*~ (hiding).
 36577 | Snake:4  | Reached skill level 18 in Fighting
 36593 | Snake:4  | 36593 ||| Stepping ~*~*~tactically~*~*~ (hiding).
 36763 | Snake:4  | 36763 ||| INVOKING Heroism.
 36810 | Snake:4  | 36810 ||| INVOKING Heroism.
 36880 | Snake:4  | 36880 ||| INVOKING Heroism.
 37139 | Snake:4  | 37139 ||| Stepping ~*~*~tactically~*~*~ (stealth).
 37193 | Snake:4  | 37193 ||| Stepping ~*~*~tactically~*~*~ (hiding).
 37213 | Snake:4  | Noticed Vashnia
 37214 | Snake:4  | 37214 ||| Stepping ~*~*~tactically~*~*~ (hiding).
 37285 | Snake:4  | 37285 ||| INVOKING Heroism.
 37317 | Snake:4  | 37317 ||| Stepping ~*~*~tactically~*~*~ (hiding).
 37340 | Snake:4  | Killed Vashnia
 37352 | Snake:4  | 37352 ||| Stepping ~*~*~tactically~*~*~ (stealth).
 37390 | Snake:4  | Got a serpentine rune of Zot
 37412 | Snake:4  | 37412 ||| Stepping ~*~*~tactically~*~*~ (hiding).
 37413 | Snake:4  | 37413 ||| Stepping ~*~*~tactically~*~*~ (hiding).
 37520 | Snake:4  | Noticed Mara
 37521 | Snake:4  | 37521 ||| Stepping ~*~*~tactically~*~*~ (hiding).
 37523 | Snake:4  | 37523 ||| INVOKING Heroism.
 37524 | Snake:4  | 37524 ||| INVOKING Finesse.
 37537 | Snake:4  | Killed Mara
 37537 | Snake:4  | Received a gift from Okawaru
 37668 | Snake:4  | Noticed Asterion
 37669 | Snake:4  | 37669 ||| Stepping ~*~*~tactically~*~*~ (hiding).
 37673 | Snake:4  | 37673 ||| INVOKING Heroism.
 37674 | Snake:4  | 37674 ||| INVOKING Finesse.
 37696 | Snake:4  | Killed Asterion
 37696 | Snake:4  | Received a gift from Okawaru
 37747 | Snake:4  | 37747 ||| Stepping ~*~*~tactically~*~*~ (stealth).
 37759 | Snake:4  | 37759 ||| Stepping ~*~*~tactically~*~*~ (hiding).
 37776 | Snake:4  | Found Pugyl Wiecu's Weapon Emporium.
 37908 | Snake:4  | 37908 ||| INVOKING Heroism.
 38267 | Snake:4  | 38267 ||| PLANNING DEPTHS
 38537 | Depths:1 | Entered Level 1 of the Depths
 38538 | Depths:1 | 38538 ||| INVOKING Heroism.
 38555 | Depths:1 | Received a gift from Okawaru
 38651 | Depths:1 | 38651 ||| Stepping ~*~*~tactically~*~*~ (stealth).
 38724 | Depths:1 | 38724 ||| INVOKING Heroism.
 38775 | Depths:1 | 38775 ||| Stepping ~*~*~tactically~*~*~ (hiding).
 38776 | Depths:1 | 38776 ||| INVOKING Heroism.
 38814 | Depths:1 | Found a portal to a secret trove of treasure.
 38815 | Depths:1 | 38815 ||| INVOKING Finesse.
 38874 | Depths:1 | Identified the +3 rapier of Upotih {antimagic, *Noise rElec
                  | Dex+6 Stlth-}
 38875 | Depths:1 | Found a blossoming altar of Fedhas.
 39034 | Depths:1 | 39034 ||| Stepping ~*~*~tactically~*~*~ (stealth).
 39049 | Depths:1 | Reached skill level 19 in Fighting
 39053 | Depths:1 | 39053 ||| INVOKING Heroism.
 39054 | Depths:1 | 39054 ||| INVOKING Finesse.
 39123 | Depths:1 | Found a gateway to Hell.
 39335 | Depths:2 | Found a one-way gate to the infinite horrors of the Abyss.
 39379 | Depths:2 | 39379 ||| INVOKING Heroism.
 39448 | Depths:2 | 39448 ||| INVOKING Heroism.
 39561 | Depths:2 | 39561 ||| Stepping ~*~*~tactically~*~*~ (hiding).
 39562 | Depths:2 | 39562 ||| Stepping ~*~*~tactically~*~*~ (hiding).
 39563 | Depths:2 | 39563 ||| INVOKING Heroism.
 39598 | Depths:2 | Identified the +0 leather armour "Paquera" {Will+ Regen+
                  | Int+3}
 39616 | Depths:2 | 39616 ||| Stepping ~*~*~tactically~*~*~ (hiding).
 39620 | Depths:2 | 39620 ||| INVOKING Heroism.
 39681 | Depths:2 | 39681 ||| INVOKING Heroism.
 39707 | Depths:2 | 39707 ||| Stepping ~*~*~tactically~*~*~ (stealth).
 39709 | Depths:2 | 39709 ||| Stepping ~*~*~tactically~*~*~ (hiding).
 39734 | Depths:2 | Reached XP level 22. HP: 150/150 MP: 29/29
 39748 | Depths:2 | 39748 ||| Stepping ~*~*~tactically~*~*~ (hiding).
 39752 | Depths:2 | 39752 ||| INVOKING Heroism.
 39801 | Depths:2 | Found a one-way gate leading to the halls of Pandemonium.
 39803 | Depths:2 | 39803 ||| Stepping ~*~*~tactically~*~*~ (hiding).
 39909 | Depths:2 | 39909 ||| Stepping ~*~*~tactically~*~*~ (hiding).
 39923 | Depths:2 | 39923 ||| Stepping ~*~*~tactically~*~*~ (hiding).
 39940 | Depths:2 | a shadow dragon changed into a golden dragon
 39940 | Depths:2 | Noticed a golden dragon (glowing shapeshifter)
 39942 | Depths:2 | a golden dragon changed into a shadow dragon
 39949 | Depths:2 | a shadow dragon changed into a golden dragon
 39949 | Depths:2 | Noticed a golden dragon (glowing shapeshifter)
 39956 | Depths:2 | a golden dragon changed into a caustic shrike
 39956 | Depths:2 | Noticed a caustic shrike (glowing shapeshifter)
 39959 | Depths:2 | Killed a caustic shrike
 40036 | Depths:2 | You are sucked into a shaft and drop 1 floor!
 40046 | Depths:3 | 40046 ||| INVOKING Heroism.
 40069 | Depths:3 | Received a gift from Okawaru
 40074 | Depths:3 | Reached skill level 20 in Fighting
 40205 | Depths:3 | 40205 ||| Stepping ~*~*~tactically~*~*~ (stealth).
 40277 | Depths:3 | 40277 ||| INVOKING Heroism.
 40326 | Depths:3 | 40326 ||| INVOKING Heroism.
 40382 | Depths:2 | Found Pahoc's Distillery.
 40387 | Depths:2 | 40387 ||| BUYING potion of cancellation (104 gold).
 40387 | Depths:2 | Bought a potion of cancellation for 104 gold pieces
 40387 | Depths:2 | 40387 ||| BUYING potion of curing (39 gold).
 40387 | Depths:2 | Bought a potion of curing for 39 gold pieces
 40387 | Depths:2 | 40387 ||| BUYING potion of lignification (39 gold).
 40387 | Depths:2 | Bought a potion of lignification for 39 gold pieces
 40387 | Depths:2 | 40387 ||| BUYING potion of lignification (39 gold).
 40387 | Depths:2 | Bought a potion of lignification for 39 gold pieces
 40387 | Depths:2 | 40387 ||| BUYING potion of magic (104 gold).
 40387 | Depths:2 | Bought a potion of magic for 104 gold pieces
 40387 | Depths:2 | 40387 ||| BUYING potion of might (52 gold).
 40387 | Depths:2 | Bought a potion of might for 52 gold pieces
 40497 | Depths:2 | 40497 ||| Stepping ~*~*~tactically~*~*~ (hiding).
 40581 | Depths:2 | Identified the +1 scale mail "Weokoheam" {Rampage rCorr}
 40614 | Depths:2 | 40614 ||| READING scroll of acquirement.
 40614 | Depths:2 | 40614 ||| ACQUIRING +1 pair of boots "Xikk" {rElec Str+3}
 40614 | Depths:2 | Acquired the +1 pair of boots "Xikk" {rElec Str+3}
 40616 | Depths:2 | 40616 ||| DROPPING +0 acid dragon scales.
 40776 | Depths:2 | 40776 ||| INVOKING Heroism.
 41108 | Depths:2 | Received a gift from Okawaru
 41109 | Depths:2 | Reached skill level 21 in Shields
 41158 | Depths:2 | 41158 ||| UPGRADING to +1 pair of boots "Xikk" {rElec
                  | Str+3}.
 41168 | Depths:2 | 41168 ||| DROPPING +2 pair of boots.
 41225 | Depths:3 | 41225 ||| STAIRDANCE
 41475 | Depths:3 | 41475 ||| INVOKING Finesse.
 41478 | Depths:3 | 41478 ||| INVOKING Heroism.
 41506 | Depths:3 | 41506 ||| Stepping ~*~*~tactically~*~*~ (stealth).
 41508 | Depths:3 | 41508 ||| Stepping ~*~*~tactically~*~*~ (stealth).
 41512 | Depths:3 | 41512 ||| Stepping ~*~*~tactically~*~*~ (stealth).
 41688 | Depths:3 | 41688 ||| INVOKING Heroism.
 41767 | Depths:3 | Found Soud's Jewellery Shoppe.
 41769 | Depths:3 | Found Caot's Book Boutique.
 41770 | Depths:3 | Found Kiasim's Jewellery Shoppe.
 41777 | Depths:3 | 41777 ||| BUYING ring of Pytene {Wiz rC+ Will+ Str+4 Dex-2}
                  | (645 gold).
 41777 | Depths:3 | Bought the ring of Pytene {Wiz rC+ Will+ Str+4 Dex-2} for
                  | 645 gold pieces
 41781 | Depths:3 | 41781 ||| BUYING amulet of reflection (360 gold).
 41781 | Depths:3 | Bought an amulet of reflection for 360 gold pieces
 41781 | Depths:3 | 41781 ||| SHOPLISTING ring of protection from fire (300
                  | gold, have 6).
 41802 | Depths:3 | 41802 ||| INVOKING Heroism.
 41815 | Depths:3 | Identified the +0 pair of gloves "Liep" {Str+3 Dex+2 SInv}
                  | (Okawaru gifted it to you on level 3 of the Depths)
 41815 | Depths:3 | Received a gift from Okawaru
 41959 | Depths:3 | 41959 ||| Stepping ~*~*~tactically~*~*~ (hiding).
 41960 | Depths:3 | 41960 ||| Stepping ~*~*~tactically~*~*~ (hiding).
 41962 | Depths:3 | 41962 ||| Stepping ~*~*~tactically~*~*~ (hiding).
 41963 | Depths:3 | 41963 ||| Stepping ~*~*~tactically~*~*~ (hiding).
 41964 | Depths:3 | 41964 ||| Stepping ~*~*~tactically~*~*~ (hiding).
 41980 | Depths:3 | 41980 ||| INVOKING Heroism.
 42194 | Depths:3 | 42194 ||| UPGRADING to +0 pair of gloves "Liep" {Str+3
                  | Dex+2 SInv}.
 42204 | Depths:3 | 42204 ||| DROPPING +2 pair of gloves.
 42205 | Depths:3 | 42205 ||| UPGRADING to amulet of reflection.
 42215 | Depths:3 | 42215 ||| DROPPING amulet of regeneration.
 42216 | Depths:3 | 42216 ||| UPGRADING to ring of Pytene {Wiz rC+ Will+ Str+4
                  | Dex-2}.
 42276 | Depths:4 | Entered Level 4 of the Depths
 42278 | Depths:4 | 42278 ||| INVOKING Heroism.
 42279 | Depths:4 | 42279 ||| INVOKING Finesse.
 42336 | Depths:4 | Noticed Frederick
 42366 | Depths:4 | Killed Frederick
 42374 | Depths:4 | Reached skill level 21 in Fighting
 42417 | Depths:4 | 42417 ||| Stepping ~*~*~tactically~*~*~ (hiding).
 42428 | Depths:4 | 42428 ||| INVOKING Heroism.
 42487 | Depths:4 | Reached skill level 6 in Dodging
 42525 | Depths:4 | 42525 ||| INVOKING Finesse.
 42598 | Depths:4 | Identified the +1 robe "Necorov" {Int+4}
 42604 | Depths:4 | 42604 ||| INVOKING Heroism.
 42609 | Depths:4 | 42609 ||| INVOKING Finesse.
 42638 | Depths:4 | Reached XP level 23. HP: 160/160 MP: 25/30
 42755 | Depths:4 | Found a one-way gateway to a ziggurat.
 42785 | Depths:4 | 42785 ||| INVOKING Finesse.
 42787 | Depths:4 | 42787 ||| INVOKING Heroism.
 42790 | Depths:4 | 42790 ||| Stepping ~*~*~tactically~*~*~ (hiding).
 42795 | Depths:4 | 42795 ||| Stepping ~*~*~tactically~*~*~ (hiding).
 42893 | Depths:4 | 42893 ||| INVOKING Heroism.
 42921 | Depths:4 | Reached skill level 12 in Throwing
 43007 | Depths:4 | Found a gate to the Realm of Zot.
 43161 | Depths:4 | 43161 ||| PLANNING VAULTS:5
 43725 | Vaults:5 | Entered Level 5 of the Vaults
 43726 | Vaults:5 | 43726 ||| INVOKING Heroism.
 43736 | Vaults:5 | Received a gift from Okawaru
 43745 | Vaults:5 | 43745 ||| STAIRDANCE
 43747 | Vaults:4 | 43747 ||| INVOKING Heroism.
 43836 | Vaults:5 | 43836 ||| INVOKING Heroism.
 43847 | Vaults:5 | Received a gift from Okawaru
 43871 | Vaults:5 | 43871 ||| INVOKING Heroism.
 43876 | Vaults:5 | Reached skill level 22 in Fighting
 43877 | Vaults:5 | Received a gift from Okawaru
 43886 | Vaults:5 | Noticed a dread lich
 43893 | Vaults:5 | 43893 ||| INVOKING Finesse.
 43905 | Vaults:5 | Received a gift from Okawaru
 43917 | Vaults:5 | Killed a dread lich
 43936 | Vaults:5 | Received a gift from Okawaru
 43973 | Vaults:5 | 43973 ||| INVOKING Heroism.
 43979 | Vaults:5 | 43979 ||| Stepping ~*~*~tactically~*~*~ (hiding).
 44053 | Vaults:5 | 44053 ||| Stepping ~*~*~tactically~*~*~ (stealth).
 44117 | Vaults:5 | 44117 ||| Stepping ~*~*~tactically~*~*~ (stealth).
 44119 | Vaults:5 | 44119 ||| Stepping ~*~*~tactically~*~*~ (hiding).
 44121 | Vaults:5 | 44121 ||| INVOKING Heroism.
 44157 | Vaults:5 | Found the amulet of the Four Winds {rN+ Will+++ Clar}
 44168 | Vaults:5 | 44168 ||| Stepping ~*~*~tactically~*~*~ (stealth).
 44174 | Vaults:5 | 44174 ||| Stepping ~*~*~tactically~*~*~ (stealth).
 44175 | Vaults:5 | 44175 ||| Stepping ~*~*~tactically~*~*~ (stealth).
 44181 | Vaults:5 | 44181 ||| Stepping ~*~*~tactically~*~*~ (hiding).
 44182 | Vaults:5 | 44182 ||| Stepping ~*~*~tactically~*~*~ (hiding).
 44222 | Vaults:5 | 44222 ||| Stepping ~*~*~tactically~*~*~ (hiding).
 44241 | Vaults:5 | 44241 ||| Stepping ~*~*~tactically~*~*~ (hiding).
 44243 | Vaults:5 | 44243 ||| Stepping ~*~*~tactically~*~*~ (hiding).
 44245 | Vaults:5 | 44245 ||| Stepping ~*~*~tactically~*~*~ (hiding).
 44246 | Vaults:5 | 44246 ||| Stepping ~*~*~tactically~*~*~ (hiding).
 44250 | Vaults:5 | 44250 ||| Stepping ~*~*~tactically~*~*~ (hiding).
 44251 | Vaults:5 | 44251 ||| Stepping ~*~*~tactically~*~*~ (hiding).
 44252 | Vaults:5 | 44252 ||| Stepping ~*~*~tactically~*~*~ (hiding).
 44376 | Vaults:5 | 44376 ||| INVOKING Heroism.
 44405 | Vaults:5 | Identified the +6 battleaxe of Pride {vorpal, Int+6}
 44406 | Vaults:5 | 44406 ||| Stepping ~*~*~tactically~*~*~ (stealth).
 44420 | Vaults:5 | 44420 ||| INVOKING Finesse.
 44452 | Vaults:5 | 44452 ||| Stepping ~*~*~tactically~*~*~ (stealth).
 44547 | Vaults:5 | Identified the +1 helmet of the Cockroach {rPois}
 44562 | Vaults:5 | Got a silver rune of Zot
 44573 | Vaults:5 | 44573 ||| INVOKING Heroism.
 44619 | Vaults:5 | 44619 ||| Stepping ~*~*~tactically~*~*~ (hiding).
 44621 | Vaults:5 | 44621 ||| Stepping ~*~*~tactically~*~*~ (hiding).
 44824 | Vaults:5 | Noticed an ancient lich
 44825 | Vaults:5 | 44825 ||| Stepping ~*~*~tactically~*~*~ (hiding).
 44828 | Vaults:5 | 44828 ||| INVOKING Heroism.
 44830 | Vaults:5 | 44830 ||| INVOKING Finesse.
 44838 | Vaults:5 | Killed an ancient lich
 44933 | Vaults:5 | Noticed a dread lich
 44934 | Vaults:5 | 44934 ||| INVOKING Heroism.
 44935 | Vaults:5 | 44935 ||| INVOKING Finesse.
 44938 | Vaults:5 | Killed a dread lich
 44938 | Vaults:5 | Received a gift from Okawaru
 44939 | Vaults:5 | Reached skill level 23 in Fighting
 44995 | Vaults:5 | 44995 ||| INVOKING Heroism.
 44996 | Vaults:5 | 44996 ||| INVOKING Finesse.
 45119 | Vaults:5 | 45119 ||| Stepping ~*~*~tactically~*~*~ (stealth).
 45130 | Vaults:5 | 45130 ||| INVOKING Heroism.
 45137 | Vaults:5 | Reached XP level 24. HP: 171/171 MP: 29/30
 45204 | Vaults:5 | 45204 ||| READING scroll of enchant weapon.
 45204 | Vaults:5 | 45204 ||| ENCHANTING +6 vampiric war axe.
 45229 | Vaults:5 | Received a gift from Okawaru
 45260 | Vaults:5 | 45260 ||| Stepping ~*~*~tactically~*~*~ (hiding).
 45261 | Vaults:5 | 45261 ||| Stepping ~*~*~tactically~*~*~ (hiding).
 45467 | Vaults:5 | Identified the +5 dagger "Starlight" {venom, Dex+2}
 45630 | Vaults:5 | 45630 ||| INVOKING Heroism.
 45714 | Vaults:5 | 45714 ||| PLANNING SHOPPING SPREE
 45714 | Vaults:5 | 45714 ||| DROPPING +1 helmet of the Cockroach {rPois}.
 45715 | Vaults:5 | 45715 ||| DROPPING scarf of shadows.
 45716 | Vaults:5 | 45716 ||| DROPPING +2 helmet.
 45717 | Vaults:5 | 45717 ||| DROPPING ring of fire.
 45718 | Vaults:5 | 45718 ||| DROPPING 2 boomerangs.
 45719 | Vaults:5 | 45719 ||| DROPPING 4 silver boomerangs.
 45720 | Vaults:5 | 45720 ||| DROPPING 6 boomerangs of dispersal.
 45972 | D:10     | 45972 ||| Stepping ~*~*~tactically~*~*~ (stealth).
 45997 | D:10     | 45997 ||| Stepping ~*~*~tactically~*~*~ (hiding).
 46565 | Depths:3 | 46565 ||| BUYING ring of protection from fire (300 gold).
 46565 | Depths:3 | Bought a ring of protection from fire for 300 gold pieces
 46565 | Depths:3 | 46565 ||| DROPPING ring of fire.
 47234 | Shoals:4 | 47234 ||| BUYING wand of digging (11) (693 gold).
 47234 | Shoals:4 | Bought a wand of digging (11) for 693 gold pieces
 47234 | Shoals:4 | 47234 ||| CLEARING SHOPPING LIST
 47234 | Shoals:4 | 47234 ||| PLANNING ZOT:1-4
 47234 | Shoals:4 | 47234 ||| Stepping randomly (stuck).
 47235 | Shoals:4 | 47235 ||| UPGRADING to ring of protection from fire.
 47237 | Shoals:4 | 47237 ||| UPGRADING to amulet of the Four Winds {rN+
                  | Will+++ Clar}.
 47543 | Zot:1    | Entered Level 1 of the Realm of Zot
 47544 | Zot:1    | 47544 ||| INVOKING Heroism.
 47567 | Zot:1    | 47567 ||| Stepping ~*~*~tactically~*~*~ (hiding).
 47637 | Zot:1    | 47637 ||| Stepping ~*~*~tactically~*~*~ (hiding).
 47639 | Zot:1    | 47639 ||| INVOKING Heroism.
 47651 | Zot:1    | Received a gift from Okawaru
 47707 | Zot:1    | 47707 ||| Stepping ~*~*~tactically~*~*~ (hiding).
 47711 | Zot:1    | 47711 ||| Stepping ~*~*~tactically~*~*~ (hiding).
 47715 | Zot:1    | 47715 ||| Stepping ~*~*~tactically~*~*~ (hiding).
 47928 | Zot:1    | 47928 ||| INVOKING Heroism.
 47990 | Zot:1    | Received a gift from Okawaru
 48096 | Zot:1    | 48096 ||| Stepping ~*~*~tactically~*~*~ (hiding).
 48104 | Zot:1    | 48104 ||| INVOKING Heroism.
 48205 | Zot:1    | 48205 ||| Stepping ~*~*~tactically~*~*~ (hiding).
 48209 | Zot:1    | 48209 ||| INVOKING Heroism.
 48260 | Zot:1    | Received a gift from Okawaru
 48321 | Zot:1    | 48321 ||| INVOKING Heroism.
 48377 | Zot:1    | 48377 ||| Stepping ~*~*~tactically~*~*~ (stealth).
 48378 | Zot:1    | 48378 ||| Stepping ~*~*~tactically~*~*~ (stealth).
 48502 | Zot:1    | 48502 ||| Stepping ~*~*~tactically~*~*~ (hiding).
 48507 | Zot:1    | 48507 ||| INVOKING Heroism.
 48555 | Zot:1    | You are sucked into a shaft and drop 1 floor!
 48576 | Zot:2    | Received a gift from Okawaru
 48698 | Zot:2    | 48698 ||| Stepping randomly (stuck).
 48699 | Zot:2    | 48699 ||| Stepping randomly (stuck).
 48700 | Zot:2    | 48700 ||| Stepping randomly (stuck).
 48701 | Zot:2    | 48701 ||| Stepping randomly (stuck).
 48702 | Zot:2    | 48702 ||| Stepping randomly (stuck).
 48703 | Zot:2    | 48703 ||| Stepping randomly (stuck).
 48704 | Zot:2    | 48704 ||| Stepping randomly (stuck).
 48705 | Zot:2    | 48705 ||| Stepping randomly (stuck).
 48706 | Zot:2    | 48706 ||| Stepping randomly (stuck).
 48707 | Zot:2    | 48707 ||| Stepping randomly (stuck).
 48708 | Zot:2    | 48708 ||| Stepping randomly (stuck).
 48709 | Zot:2    | 48709 ||| Stepping randomly (stuck).
 48710 | Zot:2    | 48710 ||| Stepping randomly (stuck).
 48711 | Zot:2    | 48711 ||| Stepping randomly (stuck).
 48712 | Zot:2    | 48712 ||| Stepping randomly (stuck).
 48713 | Zot:2    | 48713 ||| Stepping randomly (stuck).
 48714 | Zot:2    | 48714 ||| Stepping randomly (stuck).
 48715 | Zot:2    | 48715 ||| Stepping randomly (stuck).
 48716 | Zot:2    | 48716 ||| Stepping randomly (stuck).
 48717 | Zot:2    | 48717 ||| Stepping randomly (stuck).
 48718 | Zot:2    | 48718 ||| Stepping randomly (stuck).
 48719 | Zot:2    | 48719 ||| Stepping randomly (stuck).
 48720 | Zot:2    | 48720 ||| Stepping randomly (stuck).
 48721 | Zot:2    | 48721 ||| Stepping randomly (stuck).
 48722 | Zot:2    | 48722 ||| Stepping randomly (stuck).
 48723 | Zot:2    | 48723 ||| Stepping randomly (stuck).
 48724 | Zot:2    | 48724 ||| Stepping randomly (stuck).
 48725 | Zot:2    | 48725 ||| Stepping randomly (stuck).
 48726 | Zot:2    | 48726 ||| Stepping randomly (stuck).
 48727 | Zot:2    | 48727 ||| Stepping randomly (stuck).
 48728 | Zot:2    | 48728 ||| Stepping randomly (stuck).
 48729 | Zot:2    | 48729 ||| Stepping randomly (stuck).
 48730 | Zot:2    | 48730 ||| Stepping randomly (stuck).
 48731 | Zot:2    | 48731 ||| Stepping randomly (stuck).
 48732 | Zot:2    | 48732 ||| Stepping randomly (stuck).
 48733 | Zot:2    | 48733 ||| Stepping randomly (stuck).
 48734 | Zot:2    | 48734 ||| Stepping randomly (stuck).
 48735 | Zot:2    | 48735 ||| Stepping randomly (stuck).
 48736 | Zot:2    | 48736 ||| Stepping randomly (stuck).
 48737 | Zot:2    | 48737 ||| Stepping randomly (stuck).
 48738 | Zot:2    | 48738 ||| Stepping randomly (stuck).
 48739 | Zot:2    | 48739 ||| Stepping randomly (stuck).
 48740 | Zot:2    | 48740 ||| Stepping randomly (stuck).
 48741 | Zot:2    | 48741 ||| Stepping randomly (stuck).
 48742 | Zot:2    | 48742 ||| Stepping randomly (stuck).
 48743 | Zot:2    | 48743 ||| Stepping randomly (stuck).
 48744 | Zot:2    | 48744 ||| Stepping randomly (stuck).
 48745 | Zot:2    | 48745 ||| Stepping randomly (stuck).
 48746 | Zot:2    | 48746 ||| Stepping randomly (stuck).
 48747 | Zot:2    | 48747 ||| Stepping randomly (stuck).
 48748 | Zot:2    | 48748 ||| Stepping randomly (stuck).
 48749 | Zot:2    | 48749 ||| READING 21 scrolls of teleportation.
 48761 | Zot:2    | 48761 ||| INVOKING Heroism.
 48798 | Zot:2    | HP: 43/172 [purple draconian/bolt of dispelling energy
                  | (33)]
 48799 | Zot:2    | 48799 ||| READING 20 scrolls of teleportation.
 48800 | Zot:2    | 48800 ||| DRINKING 10 potions of heal wounds.
 48801 | Zot:2    | 48801 ||| INVOKING Heroism.
 48815 | Zot:2    | 48815 ||| INVOKING Finesse.
 48868 | Zot:2    | Reached skill level 24 in Fighting
 48942 | Zot:2    | 48942 ||| Stepping ~*~*~tactically~*~*~ (stealth).
 48944 | Zot:2    | Received a gift from Okawaru
 48999 | Zot:2    | 48999 ||| Stepping ~*~*~tactically~*~*~ (hiding).
 49051 | Zot:2    | 49051 ||| INVOKING Heroism.
 49164 | Zot:2    | 49164 ||| INVOKING Heroism.
 49208 | Zot:2    | Noticed an ancient lich
 49209 | Zot:2    | 49209 ||| INVOKING Heroism.
 49210 | Zot:2    | 49210 ||| INVOKING Finesse.
 49228 | Zot:2    | Killed an ancient lich
 49232 | Zot:2    | 49232 ||| Stepping ~*~*~tactically~*~*~ (stealth).
 49330 | Zot:2    | 49330 ||| Stepping ~*~*~tactically~*~*~ (hiding).
 49334 | Zot:2    | 49334 ||| INVOKING Heroism.
 49335 | Zot:2    | 49335 ||| INVOKING Finesse.
 49421 | Zot:2    | Found a stormy altar of Qazlal.
 49443 | Zot:2    | Identified the +7 lajatang "Offeohy" {freeze, Fly rN+ Will-
                  | Int+5}
 49548 | Zot:1    | 49548 ||| INVOKING Heroism.
 50027 | Zot:2    | Noticed a curse toe
 50028 | Zot:2    | 50028 ||| INVOKING Heroism.
 50051 | Zot:2    | Killed a curse toe
 50051 | Zot:2    | Received a gift from Okawaru
 50350 | Zot:2    | 50350 ||| Stepping ~*~*~tactically~*~*~ (hiding).
 50357 | Zot:2    | Noticed Vv
 50358 | Zot:2    | 50358 ||| DRINKING 2 potions of resistance.
 50359 | Zot:2    | 50359 ||| INVOKING Heroism.
 50360 | Zot:2    | 50360 ||| INVOKING Finesse.
 50409 | Zot:2    | Killed Vv
 50786 | Zot:2    | 50786 ||| Stepping ~*~*~tactically~*~*~ (hiding).
 50805 | Zot:2    | Reached XP level 25. HP: 180/180 MP: 30/30
 50917 | Zot:2    | 50917 ||| INVOKING Heroism.
 50936 | Zot:2    | Reached skill level 25 in Fighting
 50965 | Zot:2    | 50965 ||| INVOKING Heroism.
 51001 | Zot:2    | Received a gift from Okawaru
 51120 | Zot:3    | 51120 ||| INVOKING Heroism.
 51193 | Zot:3    | Identified the -2 cloak "Ebokhiar" {rElec Regen+ Str+6
                  | Int-5}
 51230 | Zot:3    | 51230 ||| Stepping ~*~*~tactically~*~*~ (stealth).
 51232 | Zot:3    | 51232 ||| Stepping ~*~*~tactically~*~*~ (hiding).
 51257 | Zot:3    | 51257 ||| INVOKING Heroism.
 51263 | Zot:3    | Reached skill level 9 in Dodging
 51311 | Zot:3    | 51311 ||| INVOKING Heroism.
 51477 | Zot:3    | 51477 ||| Stepping ~*~*~tactically~*~*~ (hiding).
 51478 | Zot:3    | 51478 ||| Stepping ~*~*~tactically~*~*~ (hiding).
 51515 | Zot:3    | 51515 ||| Stepping ~*~*~tactically~*~*~ (stealth).
 51516 | Zot:3    | 51516 ||| Stepping ~*~*~tactically~*~*~ (hiding).
 51521 | Zot:3    | 51521 ||| INVOKING Heroism.
 51715 | Zot:3    | 51715 ||| INVOKING Heroism.
 51743 | Zot:3    | Received a gift from Okawaru
 51944 | Zot:3    | 51944 ||| INVOKING Heroism.
 51982 | Zot:3    | 51982 ||| READING scroll of enchant weapon.
 51982 | Zot:3    | 51982 ||| ENCHANTING +7 vampiric war axe.
 52015 | Zot:3    | Reached skill level 15 in Throwing
 52016 | Zot:3    | 52016 ||| Stepping ~*~*~tactically~*~*~ (hiding).
 52024 | Zot:3    | 52024 ||| INVOKING Heroism.
 52259 | Zot:3    | 52259 ||| UPGRADING to -2 cloak "Ebokhiar" {rElec Regen+
                  | Str+6 Int-5}.
 52269 | Zot:3    | 52269 ||| DROPPING +2 cloak of willpower.
 52300 | Zot:4    | 52300 ||| Stepping ~*~*~tactically~*~*~ (stealth).
 52301 | Zot:4    | 52301 ||| Stepping ~*~*~tactically~*~*~ (stealth).
 52302 | Zot:4    | 52302 ||| Stepping ~*~*~tactically~*~*~ (stealth).
 52316 | Zot:4    | 52316 ||| Stepping ~*~*~tactically~*~*~ (hiding).
 52327 | Zot:4    | 52327 ||| INVOKING Heroism.
 52342 | Zot:4    | 52342 ||| Stepping ~*~*~tactically~*~*~ (hiding).
 52347 | Zot:4    | 52347 ||| Stepping ~*~*~tactically~*~*~ (hiding).
 52361 | Zot:4    | 52361 ||| Stepping ~*~*~tactically~*~*~ (hiding).
 52372 | Zot:4    | 52372 ||| Stepping ~*~*~tactically~*~*~ (hiding).
 52373 | Zot:4    | 52373 ||| Stepping ~*~*~tactically~*~*~ (hiding).
 52446 | Zot:4    | 52446 ||| Stepping ~*~*~tactically~*~*~ (hiding).
 52449 | Zot:4    | 52449 ||| INVOKING Heroism.
 52485 | Zot:4    | 52485 ||| Stepping ~*~*~tactically~*~*~ (hiding).
 52501 | Zot:4    | 52501 ||| Stepping ~*~*~tactically~*~*~ (cloud).
 52607 | Zot:4    | 52607 ||| Stepping ~*~*~tactically~*~*~ (stealth).
 52849 | Zot:4    | 52849 ||| INVOKING Heroism.
 52857 | Zot:4    | Identified the +2 hand axe "Giant's Toothpick" {venom,
                  | *Noise rF+ Int+4} (Okawaru gifted it to you on level 4 of
                  | the Realm of Zot)
 52857 | Zot:4    | Received a gift from Okawaru
 53253 | Zot:4    | 53253 ||| Stepping ~*~*~tactically~*~*~ (hiding).
 53330 | Zot:4    | 53330 ||| PLANNING THE SHINING ONE WORSHIP
 53330 | Zot:4    | 53330 ||| UPGRADING to +4 ring of evasion.
 53815 | Temple   | Fell from the grace of Okawaru
 53815 | Temple   | Became a worshipper of the Shining One
 53816 | Temple   | 53816 ||| PLANNING CRYPT
 53816 | Temple   | 53816 ||| SWAPPING to +0 broad axe of freezing.
 53817 | Temple   | 53817 ||| DROPPING +8 vampiric war axe.
 53818 | Temple   | 53818 ||| READING 2 scrolls of brand weapon.
 53818 | Temple   | 53818 ||| BRANDING +0 broad axe of freezing.
 53819 | Temple   | 53819 ||| READING scroll of brand weapon.
 53819 | Temple   | 53819 ||| BRANDING +0 broad axe of protection.
 54232 | Crypt:1  | Entered Level 1 of the Crypt
 54260 | Crypt:1  | Reached * piety under the Shining One
 54326 | Crypt:1  | Reached ** piety under the Shining One
 54589 | Crypt:1  | 54589 ||| Stepping ~*~*~tactically~*~*~ (hiding).
 54590 | Crypt:1  | 54590 ||| Stepping ~*~*~tactically~*~*~ (hiding).
 54594 | Crypt:1  | 54594 ||| Stepping ~*~*~tactically~*~*~ (hiding).
 54688 | Crypt:1  | 54688 ||| Stepping ~*~*~tactically~*~*~ (hiding).
 54689 | Crypt:1  | 54689 ||| Stepping ~*~*~tactically~*~*~ (hiding).
 55052 | Crypt:1  | Reached *** piety under the Shining One
 55263 | Crypt:2  | 55263 ||| FLEEEEING.
 55266 | Crypt:2  | 55266 ||| FLEEEEING.
 55267 | Crypt:2  | 55267 ||| FLEEEEING.
 55268 | Crypt:2  | 55268 ||| FLEEEEING.
 55269 | Crypt:2  | 55269 ||| FLEEEEING.
 55270 | Crypt:2  | 55270 ||| FLEEEEING.
 55273 | Crypt:2  | 55273 ||| FLEEEEING.
 55274 | Crypt:2  | 55274 ||| STAIRDANCE
 55291 | Crypt:1  | 55291 ||| DROPPING 2 boomerangs.
 55361 | Crypt:2  | 55361 ||| Stepping ~*~*~tactically~*~*~ (cloud).
 55371 | Crypt:2  | 55371 ||| Stepping ~*~*~tactically~*~*~ (cloud).
 55438 | Crypt:2  | 55438 ||| Stepping ~*~*~tactically~*~*~ (hiding).
 55452 | Crypt:2  | 55452 ||| Stepping ~*~*~tactically~*~*~ (stealth).
 55453 | Crypt:2  | 55453 ||| Stepping ~*~*~tactically~*~*~ (stealth).
 55465 | Crypt:2  | Reached **** piety under the Shining One
 55497 | Crypt:2  | 55497 ||| Stepping ~*~*~tactically~*~*~ (stealth).
 55498 | Crypt:2  | 55498 ||| Stepping ~*~*~tactically~*~*~ (stealth).
 55647 | Crypt:2  | 55647 ||| Stepping ~*~*~tactically~*~*~ (hiding).
 55651 | Crypt:2  | Reached ***** piety under the Shining One
 55744 | Crypt:2  | 55744 ||| Stepping ~*~*~tactically~*~*~ (hiding).
 55878 | Crypt:2  | Noticed Margery
 55878 | Crypt:2  | 55878 ||| DRINKING potion of resistance.
 55913 | Crypt:2  | Killed Margery
 55939 | Crypt:2  | 55939 ||| SWAPPING to +1 broad axe of flaming.
 55940 | Crypt:2  | 55940 ||| DROPPING +0 broad axe of flaming.
 56078 | Crypt:2  | 56078 ||| INVOKING Summon Divine Warrior.
 56083 | Crypt:2  | HP: 46/184 [green draconian/+0 trident[the fury of Okawaru]
                  | (8)]
 56084 | Crypt:2  | 56084 ||| READING 21 scrolls of teleportation.
 56430 | Crypt:3  | Entered Level 3 of the Crypt
 56582 | Crypt:3  | Reached ****** piety under the Shining One
 56587 | Crypt:3  | 56587 ||| INVOKING Brand Weapon With Holy Wrath.
 56587 | Crypt:3  | Identified a +3 broad axe of holy wrath (a +1 broad axe of
                  | flaming blessed by the Shining One)
 56587 | Crypt:3  | Received a gift from the Shining One
 56613 | Crypt:3  | Reached XP level 26. HP: 189/189 MP: 30/30
 56626 | Crypt:3  | 56626 ||| Stepping ~*~*~tactically~*~*~ (hiding).
 56628 | Crypt:3  | 56628 ||| Stepping ~*~*~tactically~*~*~ (hiding).
 56655 | Crypt:3  | 56655 ||| INVOKING Summon Divine Warrior.
 56656 | Crypt:3  | 56656 ||| INVOKING Cleansing Flame.
 56692 | Crypt:3  | Noticed a dread lich
 56697 | Crypt:3  | Killed a dread lich
 56719 | Crypt:3  | Found an ancient bone altar of Kikubaaqudgha.
 56762 | Crypt:3  | Identified the +9 morningstar "Xuledeyl" {freeze, rC- Str+5
                  | Int+4}
 56767 | Crypt:3  | Identified the +9 storm dragon scales of Calculation {rElec
                  | rF+ MP+9}
 56801 | Crypt:3  | 56801 ||| Stepping ~*~*~tactically~*~*~ (hiding).
 56802 | Crypt:3  | 56802 ||| INVOKING Summon Divine Warrior.
 56807 | Crypt:3  | Reached skill level 18 in Axes
 57147 | Crypt:3  | Found a staircase to the Tomb.
 57264 | Crypt:3  | 57264 ||| Stepping ~*~*~tactically~*~*~ (hiding).
 57337 | Crypt:3  | 57337 ||| Stepping ~*~*~tactically~*~*~ (hiding).
 57363 | Crypt:3  | Reached skill level 12 in Invocations
 57372 | Crypt:3  | 57372 ||| Stepping ~*~*~tactically~*~*~ (stealth).
 57373 | Crypt:3  | 57373 ||| Stepping ~*~*~tactically~*~*~ (stealth).
 57377 | Crypt:3  | 57377 ||| Stepping ~*~*~tactically~*~*~ (hiding).
 57460 | Crypt:3  | 57460 ||| Stepping ~*~*~tactically~*~*~ (stealth).
 57461 | Crypt:3  | 57461 ||| Stepping ~*~*~tactically~*~*~ (stealth).
 57796 | Crypt:3  | 57796 ||| PLANNING TOMB
 57796 | Crypt:3  | 57796 ||| DROPPING +0 gold dragon scales.
 57797 | Crypt:3  | 57797 ||| DROPPING ring of Happiness {rElec rF- rC+ rN+}.
 57854 | Tomb:1   | Entered Level 1 of the Tomb of the Ancients
 57866 | Tomb:1   | Noticed a royal mummy
 57867 | Tomb:1   | 57867 ||| INVOKING Summon Divine Warrior.
 57867 | Tomb:1   | Noticed Khufu
 57868 | Tomb:1   | 57868 ||| INVOKING Summon Divine Warrior.
 57872 | Tomb:1   | 57872 ||| INVOKING Cleansing Flame.
 57879 | Tomb:1   | Killed Khufu
 57881 | Tomb:1   | Killed a royal mummy
 57987 | Tomb:1   | Was forgiven by Okawaru
 58421 | Tomb:1   | Noticed a royal mummy
 58422 | Tomb:1   | 58422 ||| INVOKING Summon Divine Warrior.
 58428 | Tomb:1   | 58428 ||| INVOKING Summon Divine Warrior.
 58430 | Tomb:1   | Killed a royal mummy
 58431 | Tomb:1   | 58431 ||| INVOKING Cleansing Flame.
 58485 | Tomb:1   | Noticed a royal mummy
 58491 | Tomb:1   | 58491 ||| DRINKING 4 potions of magic.
 58491 | Tomb:1   | Noticed a royal mummy
 58492 | Tomb:1   | 58492 ||| INVOKING Cleansing Flame.
 58496 | Tomb:1   | Killed a royal mummy
 58502 | Tomb:1   | 58502 ||| INVOKING Cleansing Flame.
 58503 | Tomb:1   | 58503 ||| INVOKING Cleansing Flame.
 58504 | Tomb:1   | 58504 ||| INVOKING Cleansing Flame.
 58505 | Tomb:1   | 58505 ||| INVOKING Cleansing Flame.
 58505 | Tomb:1   | Killed a royal mummy
 58505 | Tomb:1   | Noticed a royal mummy
 58506 | Tomb:1   | Reached skill level 15 in Invocations
 58506 | Tomb:1   | 58506 ||| INVOKING Cleansing Flame.
 58507 | Tomb:1   | 58507 ||| INVOKING Cleansing Flame.
 58508 | Tomb:1   | 58508 ||| INVOKING Summon Divine Warrior.
 58509 | Tomb:1   | 58509 ||| DRINKING 3 potions of magic.
 58510 | Tomb:1   | 58510 ||| INVOKING Cleansing Flame.
 58512 | Tomb:1   | 58512 ||| INVOKING Cleansing Flame.
 58517 | Tomb:1   | 58517 ||| INVOKING Cleansing Flame.
 58518 | Tomb:1   | Killed a royal mummy
 58526 | Tomb:1   | 58526 ||| INVOKING Cleansing Flame.
 58527 | Tomb:1   | 58527 ||| INVOKING Cleansing Flame.
 58528 | Tomb:1   | 58528 ||| INVOKING Cleansing Flame.
 58633 | Tomb:1   | 58633 ||| INVOKING Cleansing Flame.
 58634 | Tomb:1   | 58634 ||| INVOKING Cleansing Flame.
 58998 | Tomb:2   | 58998 ||| DRINKING 15 potions of haste.
 58998 | Tomb:2   | Noticed a royal mummy
 58998 | Tomb:2   | Noticed a royal mummy
 58998 | Tomb:2   | Noticed a royal mummy
 58999 | Tomb:2   | 58999 ||| DRINKING 13 potions of attraction.
 59000 | Tomb:2   | 59000 ||| INVOKING Cleansing Flame.
 59001 | Tomb:2   | 59001 ||| INVOKING Cleansing Flame.
 59002 | Tomb:2   | 59002 ||| INVOKING Summon Divine Warrior.
 59003 | Tomb:2   | 59003 ||| INVOKING Cleansing Flame.
 59003 | Tomb:2   | Noticed a royal mummy
 59009 | Tomb:2   | Killed a royal mummy
 59011 | Tomb:2   | Killed a royal mummy
 59014 | Tomb:2   | Killed a royal mummy
 59019 | Tomb:2   | Killed a royal mummy
 59049 | Tomb:2   | 59049 ||| INVOKING Cleansing Flame.
 59112 | Tomb:2   | 59112 ||| INVOKING Cleansing Flame.
 59168 | Tomb:2   | Identified the +4 chain mail of Foolhardiness {rElec}
 59393 | Tomb:2   | 59393 ||| DROPPING +0 pair of boots of stealth.
 59513 | Tomb:1   | Noticed a royal mummy
 59514 | Tomb:1   | 59514 ||| INVOKING Summon Divine Warrior.
 59518 | Tomb:1   | Killed a royal mummy
 59550 | Tomb:1   | Noticed a royal mummy
 59556 | Tomb:1   | 59556 ||| INVOKING Cleansing Flame.
 59559 | Tomb:1   | Killed a royal mummy
 59560 | Tomb:1   | Reached XP level 27. HP: 159/195 MP: 35/35
 59589 | Tomb:1   | Noticed a royal mummy
 59596 | Tomb:1   | Noticed a royal mummy
 59597 | Tomb:1   | 59597 ||| INVOKING Summon Divine Warrior.
 59603 | Tomb:1   | 59603 ||| INVOKING Summon Divine Warrior.
 59604 | Tomb:1   | 59604 ||| INVOKING Cleansing Flame.
 59605 | Tomb:1   | 59605 ||| INVOKING Cleansing Flame.
 59606 | Tomb:1   | 59606 ||| INVOKING Cleansing Flame.
 59607 | Tomb:1   | Killed a royal mummy
 59608 | Tomb:1   | 59608 ||| INVOKING Cleansing Flame.
 59609 | Tomb:1   | 59609 ||| DRINKING 2 potions of magic.
 59610 | Tomb:1   | 59610 ||| INVOKING Cleansing Flame.
 59611 | Tomb:1   | 59611 ||| INVOKING Cleansing Flame.
 59612 | Tomb:1   | 59612 ||| INVOKING Cleansing Flame.
 59613 | Tomb:1   | 59613 ||| INVOKING Cleansing Flame.
 59617 | Tomb:1   | Killed a royal mummy
 59666 | Tomb:1   | Noticed a royal mummy
 59670 | Tomb:1   | 59670 ||| INVOKING Cleansing Flame.
 59674 | Tomb:1   | Killed a royal mummy
 59675 | Tomb:1   | Reached skill level 18 in Invocations
 59684 | Tomb:1   | Noticed a royal mummy
 59689 | Tomb:1   | Killed a royal mummy
 59772 | Tomb:1   | Noticed a royal mummy
 59773 | Tomb:1   | Noticed a royal mummy
 59779 | Tomb:1   | 59779 ||| INVOKING Cleansing Flame.
 59780 | Tomb:1   | 59780 ||| INVOKING Cleansing Flame.
 59781 | Tomb:1   | 59781 ||| INVOKING Cleansing Flame.
 59781 | Tomb:1   | Killed a royal mummy
 59782 | Tomb:1   | 59782 ||| INVOKING Cleansing Flame.
 59783 | Tomb:1   | 59783 ||| INVOKING Cleansing Flame.
 59783 | Tomb:1   | Noticed a royal mummy
 59783 | Tomb:1   | Killed a royal mummy
 59785 | Tomb:1   | Noticed a royal mummy
 59786 | Tomb:1   | 59786 ||| INVOKING Cleansing Flame.
 59787 | Tomb:1   | Noticed a royal mummy
 59788 | Tomb:1   | Noticed a royal mummy
 59789 | Tomb:1   | Killed a royal mummy
 59791 | Tomb:1   | Killed a royal mummy
 59798 | Tomb:1   | Killed a royal mummy
 59799 | Tomb:1   | 59799 ||| INVOKING Cleansing Flame.
 59800 | Tomb:1   | 59800 ||| INVOKING Cleansing Flame.
 59801 | Tomb:1   | 59801 ||| DRINKING potion of magic.
 59802 | Tomb:1   | 59802 ||| INVOKING Summon Divine Warrior.
 59805 | Tomb:1   | Killed a royal mummy
 59851 | Tomb:1   | Noticed a royal mummy
 59857 | Tomb:1   | Killed a royal mummy
 59922 | Tomb:1   | Noticed a royal mummy
 59929 | Tomb:1   | Killed a royal mummy
 59994 | Tomb:1   | Noticed a royal mummy
 59997 | Tomb:1   | 59997 ||| INVOKING Cleansing Flame.
 59998 | Tomb:1   | 59998 ||| INVOKING Cleansing Flame.
 59999 | Tomb:1   | 59999 ||| INVOKING Cleansing Flame.
 60000 | Tomb:1   | 60000 ||| INVOKING Cleansing Flame.
 60000 | Tomb:1   | Killed a royal mummy
 60003 | Tomb:1   | Noticed a royal mummy
 60006 | Tomb:1   | Noticed a royal mummy
 60008 | Tomb:1   | 60008 ||| INVOKING Cleansing Flame.
 60008 | Tomb:1   | Killed a royal mummy
 60012 | Tomb:1   | 60012 ||| INVOKING Summon Divine Warrior.
 60013 | Tomb:1   | 60013 ||| INVOKING Cleansing Flame.
 60013 | Tomb:1   | Noticed a royal mummy
 60014 | Tomb:1   | 60014 ||| INVOKING Cleansing Flame.
 60014 | Tomb:1   | Killed a royal mummy
 60017 | Tomb:1   | 60017 ||| INVOKING Cleansing Flame.
 60022 | Tomb:1   | Killed a royal mummy
 60161 | Tomb:1   | 60161 ||| READING scroll of enchant weapon.
 60161 | Tomb:1   | 60161 ||| ENCHANTING +3 broad axe of holy wrath.
 60173 | Tomb:1   | Noticed a royal mummy
 60178 | Tomb:1   | 60178 ||| INVOKING Cleansing Flame.
 60179 | Tomb:1   | 60179 ||| INVOKING Cleansing Flame.
 60185 | Tomb:1   | Killed a royal mummy
 60231 | Tomb:1   | Noticed a royal mummy
 60234 | Tomb:1   | 60234 ||| INVOKING Cleansing Flame.
 60237 | Tomb:1   | Killed a royal mummy
 60284 | Tomb:1   | Noticed a royal mummy
 60285 | Tomb:1   | 60285 ||| Stepping ~*~*~tactically~*~*~ (stealth).
 60301 | Tomb:1   | Killed a royal mummy
 60312 | Tomb:1   | 60312 ||| DROPPING scarf of shadows.
 60644 | Tomb:2   | 60644 ||| INVOKING Cleansing Flame.
 60645 | Tomb:2   | 60645 ||| INVOKING Cleansing Flame.
 60649 | Tomb:2   | 60649 ||| INVOKING Cleansing Flame.
 60666 | Tomb:2   | 60666 ||| INVOKING Cleansing Flame.
 60667 | Tomb:2   | 60667 ||| INVOKING Summon Divine Warrior.
 60792 | Tomb:3   | Entered Level 3 of the Tomb of the Ancients
 60793 | Tomb:3   | 60793 ||| DRINKING 14 potions of haste.
 60794 | Tomb:3   | 60794 ||| DRINKING 12 potions of attraction.
 60813 | Tomb:3   | Reached skill level 21 in Invocations
 60816 | Tomb:3   | Noticed a royal mummy
 60817 | Tomb:3   | 60817 ||| INVOKING Summon Divine Warrior.
 60825 | Tomb:3   | Killed a royal mummy
 60837 | Tomb:3   | 60837 ||| INVOKING Cleansing Flame.
 60839 | Tomb:3   | 60839 ||| INVOKING Cleansing Flame.
 60845 | Tomb:3   | 60845 ||| INVOKING Cleansing Flame.
 60853 | Tomb:3   | 60853 ||| INVOKING Cleansing Flame.
 60854 | Tomb:3   | 60854 ||| INVOKING Cleansing Flame.
 60854 | Tomb:3   | Noticed a royal mummy
 60862 | Tomb:3   | 60862 ||| INVOKING Cleansing Flame.
 60863 | Tomb:3   | 60863 ||| INVOKING Summon Divine Warrior.
 60868 | Tomb:3   | 60868 ||| INVOKING Cleansing Flame.
 60868 | Tomb:3   | Noticed a royal mummy
 60869 | Tomb:3   | 60869 ||| INVOKING Cleansing Flame.
 60870 | Tomb:3   | 60870 ||| INVOKING Cleansing Flame.
 60872 | Tomb:3   | Killed a royal mummy
 60876 | Tomb:3   | 60876 ||| INVOKING Cleansing Flame.
 60876 | Tomb:3   | Noticed a royal mummy
 60877 | Tomb:3   | 60877 ||| INVOKING Summon Divine Warrior.
 60879 | Tomb:3   | HP: 48/195 [??? (9)]
 60879 | Tomb:3   | Noticed a royal mummy
 60880 | Tomb:3   | 60880 ||| READING 22 scrolls of teleportation.
 60881 | Tomb:3   | 60881 ||| DRINKING 10 potions of heal wounds.
 60881 | Tomb:3   | Noticed a royal mummy
 60882 | Tomb:3   | 60882 ||| DRINKING 9 potions of heal wounds.
 60886 | Tomb:3   | Noticed a royal mummy
 60894 | Tomb:3   | 60894 ||| INVOKING Cleansing Flame.
 60894 | Tomb:3   | Paralysed by a Zot trap for 3 turns
 60895 | Tomb:3   | HP: 42/195 [royal mummy/divine providence (14)]
 60896 | Tomb:3   | HP: 11/195 [death scarab[a royal mummy] (14)]
 60896 | Tomb:3   | HP: 1/195 [royal mummy/divine providence (9)]
 60897 | Tomb:3   | 60897 ||| READING 21 scrolls of teleportation.
 60897 | Tomb:3   | Killed from afar by a mummy priest

Levels and vault maps discovered:
D:1:      mrwooster_arrival_statue_2, layout_rooms, serial_shops, shop, shop,
          nicolae_shop_advertising_works [nicolae_subvault_shop_adworks], shop,
          minmay_pentomino_x4
D:2:      layout_rooms, uniq_crazy_yiuf_cottage
D:3:      layout_rooms, lemuel_zombie_altar_kikubaaqudgha
D:4:      layout_loops_ring, elyvilon_altar_5, serial_forest,
          infiniplex_forest_straight_4, infiniplex_forest_lined_3,
          infiniplex_forest_pool, infiniplex_forest_lined_2,
          infiniplex_forest_lined_2, infiniplex_forest_lined_2,
          infiniplex_forest_lined_room_2, infiniplex_forest_straight_2,
          infiniplex_forest_end_3
D:5:      layout_rooms, minmay_temple_entry_arrows, gup_sewer_entry_pipe,
          uniq_pikel
D:6:      lemuel_castle_with_subvaults [lemuel_castle_interior_carwin_3],
          layout_basic
D:7:      layout_basic
D:8:      layout_cave_pools, enter_ossuary_3
D:9:      layout_small_grid, grunt_dithmenos_smoke, minmay_fractal_squares_5
D:10:     minmay_bloctagon, layout_gridville, lemuel_tele_altar,
          dpeg_lair_monsters, minivault_21
D:11:     minmay_complete_graph, layout_gridville, orc_0_dummy, serial_shops,
          shop, nicolae_stop_n_shop_2
D:12:     layout_loops_corners, gauntlet_entry_generic,
          kb_lookout_dungeons_type, uniq_rupert
D:13:     layout_roguey, kennysheep_small_square
D:14:     layout_cave_pools, david_vaults_4, kennysheep_boxes
D:15:     grunt_enter_depths_magical_seal, layout_basic,
          nemelex_lonely_heart_becter
Temple:   dpeg_five_rooms_temple
Lair:1:   layout_regular_city, serial_bayou_pond_a
Lair:2:   gammafunk_indiana_jones, layout_hall_layers,
          minmay_shoals_entry_beasts, minmay_snake_entry_spellcaster,
          serial_bayou_shore_b
Lair:3:   layout_loops_ring, gammafunk_ghost_cemetery, dreamdust_gnoll_shepherd
Lair:4:   layout_hall_layers, slime_entry_2, grunt_megastairs_4, uniq_kirke
Lair:5:   gammafunk_lair_ancient_temple, layout_loops_ring,
          gammafunk_ghost_necromancy
Shoals:1: layout_shoals, nicolae_shoals_shepherds
Shoals:2: layout_shoals, nicolae_shoals_lost_giant_temple,
          nicolae_shop_vocational
Shoals:3: nicolae_shoals_mermall, layout_shoals,
          portal_ice_cave_entry_pillars_four, nicolae_shoals_pincushion_passage
Shoals:4: shoals_end_grunt_ice, layout_shoals, serial_shops, shop,
          nicolae_shop_overcharged_wands
Snake:1:  layout_grid_maze, lemuel_fruit_tree, uniq_nikola
Snake:2:  layout_honeycomb, grunt_megastairs_2, minmay_shop_star,
          serial_bayou_shore_a
Snake:3:  layout_concentric_octagons, serial_bayou_pond_e,
          serial_bayou_crossing, grunt_megastairs_5, uniq_aizul, uniq_saint_roka
Snake:4:  hellmonk_snake_rune_quicksilver_temple, layout_chambers, serial_shops,
          shop, uniq_vashnia, uniq_mara, uniq_asterion
Orc:1:    layout_caves, basic_altar, lemuel_statue_altar
Orc:2:    st_orc_town, layout_caves, serial_shops, shop,
          nicolae_shop_firing_range
Vaults:1: v_misc_25, v_misc_8, v_rooms_2, grunt_vaults_twisty,
          hangedman_vaults_nodes, hangedman_vaults_trim, v_misc_2, v_rooms_3,
          st_squares, layout_vaults_maze
Vaults:2: hellmonk_ghost_big_iron, vaults_room_grid, ontoclasm_vaults_fault,
          ontoclasm_vaults_decontamination, vaults_mumra_hex, v_misc_28,
          hangedman_vaults_capsules, serial_ice_g, ontoclasm_vaults_gateway,
          nicolae_vaults_mini_display_case, nicolae_vaults_big_ls,
          hangedman_vaults_stitches, nicolae_vaults_branching_niches, v_misc_23,
          vaults_room_pool, hangedman_vaults_impose,
          hangedman_vaults_stretched_pinwheel, v_alt_pattern_1,
          layout_vaults_omnibox, uniq_xtahua
Vaults:3: grunt_vaults_diagonal, minmay_crypt_entry_simple_plaza,
          nicolae_vaults_quadrants, ontoclasm_vaults_eye,
          dpeg_vaults_monster_row, layout_vaults_omnigrid
Vaults:4: grunt_vaults_swirl, v_alt_pattern_3, nicolae_vaults_network_square,
          v_misc_2, v_misc_17, vaults_room_grid, grunt_vaults_hallway_long,
          dpeg_vaults_monster_box, ontoclasm_vaults_shuriken,
          ontoclasm_vaults_tryst, vaults_room_ringed_pool, vaults_room_fours,
          vaults_room_door_ring, vaults_dpeg_ring, layout_vaults_ring
Vaults:5
Crypt:1:  layout_catacombs, roderic_lattice_octagonal_star
Crypt:2:  layout_chaotic_city, uniq_margery
Crypt:3:  cryptofortress_bobbens
Tomb:1:   uniq_khufu
Tomb:2
Tomb:3
Depths:1: layout_forbidden_donut, serial_bayou_pond_e,
          nicolae_trove_entry_free_sample, hellmouth_1, fedhas_altar_3
Depths:2: evilmike_horseshoe, layout_basic, rand_demon_pan_entry_5,
          abyss_entry_small_statue_room, serial_shops, kennysheep_little_box,
          hangedman_coc_ice_floe
Depths:3: minmay_distorted_concentric_squares, layout_basic,
          minmay_room_of_horrors, grunt_decor_one_mirror,
          pf_hell_entry_tar_river, hangedman_aviary, minmay_shop_grove,
          serial_bayou_shore_b
Depths:4: grunt_twist_and_shout, layout_cave_pools, enter_ziggurat_d, pan_entry,
          hell_entry, nrook_mini_vaults, infiniplex_staircase_pool_lava,
          uniq_frederick
Zot:1:    layout_gridlike, drop_trap, grunt_megastairs_3
Zot:2:    regret_index_qazlal_generations, layout_concentric_octagons,
          st_stairs_9, uniq_vv
Zot:3:    layout_cathedral_of_symmetry, st_stairs_4
Zot:4:    layout_basic

Skill      XL: |  1  2  3  4  5  6  7  8  9 10 11 12 13 14 15 16 17 18 19 20 21 22 23 24 25 26 27 |
---------------+----------------------------------------------------------------------------------+-----
Axes           | 2 3 4 5 6 8 9 10 11 12 13 14 15 16 17 18 | 18.0
Fighting       | 4 5 7 8 9 10 11 12 13 14 15 16 17 19 21 23 24 25 | 25.8
Dodging        | 1 2 3 4 6 8 9 |  9.0
Armour         | 5 8 9 10 11 13 14 16 18 19 21 22 | 22.0
Invocations    | 4 9 10 17 22 | 22.5
Shields        | 4 5 8 11 12 13 14 18 19 20 21 22 | 22.0
Throwing       | 3 4 5 6 7 8 9 10 11 13 14 15 | 15.0

Action                   |  1- 3 |  4- 6 |  7- 9 | 10-12 | 13-15 | 16-18 | 19-21 | 22-24 | 25-27 || total
-------------------------+-------+-------+-------+-------+-------+-------+-------+-------+-------++-------
Melee: War axe           |    87 |   190 |   224 |   457 |  1096 |  1616 |  1958 |  1853 |   390 ||  7871
       Eveningstar       |       |       |       |       |    11 |       |       |       |       ||    11
       Broad axe         |       |       |       |       |       |       |       |       |   942 ||   942
Throw: Boomerang         |       |       |       |    72 |     6 |       |       |       |       ||    78
       Javelin           |       |       |       |    58 |   186 |    48 |    92 |   131 |   102 ||   617
Invok: Heroism           |       |       |     7 |    23 |    38 |    44 |    46 |    43 |    12 ||   213
       Finesse           |       |       |       |     1 |    13 |    12 |    13 |    14 |       ||    53
       Summon Divine War |       |       |       |       |       |       |       |       |    17 ||    17
       Brand Weapon With |       |       |       |       |       |       |       |       |     1 ||     1
       Cleansing Flame   |       |       |       |       |       |       |       |       |    67 ||    67
  Use: Scroll            |     3 |     5 |     2 |    15 |     8 |     5 |     2 |     4 |     7 ||    51
       Potion            |     1 |     1 |     2 |     2 |     3 |       |     2 |     2 |    11 ||    24
 Stab: Distracted        |       |       |       |     1 |       |       |       |       |       ||     1
       Paralysed         |       |       |       |       |       |       |       |     1 |       ||     1
       Confused          |       |       |       |       |       |       |       |     2 |     3 ||     5
Armor: Scale mail        |    48 |    95 |       |       |       |       |       |       |       ||   143
       Chain mail        |       |    21 |    43 |       |       |       |       |       |       ||    64
       Crystal plate arm |       |       |   121 |   279 |   490 |   772 |   817 |   981 |   782 ||  4242
Dodge: Dodged            |    36 |   104 |    70 |   132 |   236 |   498 |   461 |   435 |   489 ||  2461
Block: Buckler           |    18 |    38 |    38 |   104 |       |       |       |       |       ||   198
       Kite shield       |       |       |       |     8 |   677 |   831 |       |       |       ||  1516
       Tower shield      |       |       |       |       |       |   472 |  1554 |  1706 |  1514 ||  5246
       Reflection        |       |       |       |       |       |       |       |    35 |       ||    35

Table legend:
 A = Non-vault XP
 B = Vault XP
 C = Vault XP percentage of total XP
 D = Non-vault monster count
 E = Vault monster count
 F = Vault count percentage of total count
                 A         B        C        D         E       F
            +---------+---------+-------+---------+---------+-------
      Total |  674347 |  739011 |  52.3 |    1355 |    1003 |  42.5
            +---------+---------+-------+---------+---------+-------
        D:1 |      27 |       6 |  18.2 |      16 |       3 |  15.8
        D:2 |      87 |       0 |   0.0 |      24 |       0 |   0.0
        D:3 |      33 |       9 |  21.4 |      10 |       5 |  33.3
        D:4 |     255 |       0 |   0.0 |      21 |       0 |   0.0
        D:5 |     780 |     691 |  47.0 |      20 |      10 |  33.3
        D:6 |    1382 |    3588 |  72.2 |      23 |      51 |  68.9
        D:7 |    2549 |       0 |   0.0 |      34 |       0 |   0.0
        D:8 |     949 |       7 |   0.7 |      19 |       1 |   5.0
        D:9 |    2334 |    2296 |  49.6 |      26 |       6 |  18.8
       D:10 |    3470 |   10247 |  74.7 |      33 |      24 |  42.1
       D:11 |    3839 |    7910 |  67.3 |      21 |      17 |  44.7
       D:12 |    4291 |    1931 |  31.0 |      14 |       2 |  12.5
       D:13 |    7584 |     274 |   3.5 |      20 |       1 |   4.8
       D:14 |    5585 |    2918 |  34.3 |      15 |       4 |  21.1
       D:15 |   10012 |    4105 |  29.1 |      22 |       9 |  29.0
     Lair:1 |    4754 |       0 |   0.0 |      25 |       0 |   0.0
     Lair:2 |    3645 |    1232 |  25.3 |      10 |       3 |  23.1
     Lair:3 |    2877 |    1031 |  26.4 |      14 |       5 |  26.3
     Lair:4 |    7386 |    2497 |  25.3 |      33 |       7 |  17.5
     Lair:5 |    5616 |   10554 |  65.3 |      21 |      25 |  54.3
   Shoals:1 |    6892 |    1809 |  20.8 |      14 |      10 |  41.7
   Shoals:2 |   22494 |       0 |   0.0 |      41 |       0 |   0.0
   Shoals:3 |   14357 |   11355 |  44.2 |      31 |      17 |  35.4
   Shoals:4 |   11785 |   17061 |  59.1 |      24 |      31 |  56.4
    Snake:1 |   19131 |    2378 |  11.1 |      41 |       1 |   2.4
    Snake:2 |   14451 |    3063 |  17.5 |      35 |       5 |  12.5
    Snake:3 |   13046 |    4986 |  27.7 |      24 |      16 |  40.0
    Snake:4 |   15608 |   30741 |  66.3 |      31 |      32 |  50.8
      Orc:1 |    4239 |       0 |   0.0 |      26 |       0 |   0.0
      Orc:2 |    1256 |    6786 |  84.4 |      15 |      66 |  81.5
   Vaults:1 |   35058 |   31847 |  47.6 |      48 |      48 |  50.0
   Vaults:2 |   14968 |   48442 |  76.4 |      26 |      55 |  67.9
   Vaults:3 |   39249 |   16928 |  30.1 |      55 |      19 |  25.7
   Vaults:4 |   26590 |   20939 |  44.1 |      41 |      30 |  42.3
   Vaults:5 |   15331 |  101029 |  86.8 |      23 |      84 |  78.5
    Crypt:1 |   16351 |       0 |   0.0 |      33 |       0 |   0.0
    Crypt:2 |   25249 |    6319 |  20.0 |      40 |       6 |  13.0
    Crypt:3 |       0 |   55658 | 100.0 |       0 |      87 | 100.0
     Tomb:1 |    5793 |  134851 |  95.9 |      27 |      77 |  74.0
     Tomb:2 |   20995 |   33411 |  61.4 |      57 |      46 |  44.7
     Tomb:3 |   10567 |   54447 |  83.7 |      21 |      68 |  76.4
   Depths:1 |   29962 |    3187 |   9.6 |      41 |       4 |   8.9
   Depths:2 |   25539 |   13725 |  35.0 |      28 |      11 |  28.2
   Depths:3 |   24276 |   20805 |  46.2 |      27 |      32 |  54.2
   Depths:4 |   41577 |   18480 |  30.8 |      51 |      15 |  22.7
      Zot:1 |   46469 |    1954 |   4.0 |      41 |       2 |   4.7
      Zot:2 |   39623 |   44749 |  53.0 |      34 |      36 |  51.4
      Zot:3 |   37071 |    3920 |   9.6 |      32 |       3 |   8.6
      Zot:4 |   28965 |       0 |   0.0 |      27 |       0 |   0.0
    Ossuary |       0 |     845 | 100.0 |       0 |      29 | 100.0
            +---------+---------+-------+---------+---------+-------
